Workbook

Sheet 0_MODELO DE COTAÇÃO
B1: ANEXO III.C - MODELO DE COTAÇÃO
B2: OBJETO | C2: PALÁCIO DOS CORREIOS - INFRAESTRUTURA ELÉTRICA
B3: ENDEREÇO | C3: São Paulo - SP
B4: CÓDIGO | C4: DESCRIÇÃO DOS SERVIÇOS | D4: CORRESPONDÊNCIA NAS TABELAS REFERENCIAIS | E4: FONTE (COM DESONERAÇÃO) | F4: UNID. | G4: QTDE | H4: PREÇO UNITÁRIO [R$] | I4: PREÇO TOTAL [R$]
A5: 1 | D5: EQUIPE TÉCNICA | I5: 0
A6: 1.1 | B6: 20-003-002 | C6: ENGENHEIRO/ ARQUITETO SÊNIOR | D6: ENGENHEIRO/ ARQUITETO SÊNIOR | E6: SIURB | F6: H | G6: 480 | H6: 0 | I6: 0
A7: 1.2 | B7: 100309 | C7: TÉCNICO EM SEGURANÇA DO TRABALHO COM ENCARGOS COMPLEMENTARES | D7: TÉCNICO EM SEGURANÇA DO TRABALHO COM ENCARGOS COMPLEMENTARES | E7: SINAPI | F7: H | G7: 240 | H7: 0 | I7: 0
A8: 1.3 | B8: 100533 | C8: TECNICO DE EDIFICACOES COM ENCARGOS COMPLEMENTARES | D8: TECNICO DE EDIFICACOES COM ENCARGOS COMPLEMENTARES | E8: SINAPI | F8: H | G8: 240 | H8: 0 | I8: 0
A9: 1.4 | B9: 12-004-000 | C9: ELETRICISTA | D9: ELETRICISTA | E9: SIURB | F9: H | G9: 480 | H9: 0 | I9: 0
A10: 1.5 | B10: 03-041-000 | C10: AJUDANTE GERAL | D10: AJUDANTE GERAL | E10: SIURB | F10: H | G10: 480 | H10: 0 | I10: 0
A11: 2 | D11: PROJETOS | I11: 0
A12: 2.1 | B12: 20-003-061 | C12: PROJETO EXECUTIVO (PRANCHA A1) | D12: PROJETO EXECUTIVO (PRANCHA A1) | E12: SIURB | F12: UN | G12: 15 | H12: 0 | I12: 0
A13: 3 | D13: INSTALAÇÕES ELÉTRICAS - CABOS E INFRAESTRUTURA | I13: 0
A14: 3.1 | B14: 09-084-002 | C14: BUCHA E ARRUELA RÍGIDA PESADA EM ZAMAK - 3/4" | D14: BUCHA E ARRUELA RÍGIDA PESADA EM ZAMAK - 3/4" | E14: SIURB | F14: UN | G14: 619 | H14: 0 | I14: 0
A15: 3.2 | B15: 09-003-105 | C15: CABO DE COBRE 6MM2 - ISOLAMENTO PARA 0,6/1KV - CLASSE 5 - FLEXÍVEL - ISOLAÇÃO EM EPR 90 C | D15: CABO DE COBRE 6MM2 - ISOLAMENTO PARA 0,6/1KV - CLASSE 5 - FLEXÍVEL - ISOLAÇÃO EM EPR 90 C | E15: SIURB | F15: M | G15: 21047 | H15: 0 | I15: 0
A16: 3.3 | B16: 09-003-106 | C16: PINTURA DE ESQUADRIAS E PEÇAS METÁLICAS | D16: CABO DE COBRE 10MM2 - ISOLAMENTO PARA 0,6/1KV - CLASSE 5 - FLEXÍVEL - ISOLAÇÃO EM EPR 90 C | E16: SIURB | F16: M | G16: 422.5 | H16: 0 | I16: 0
A17: 3.4 | B17: 09-003-109 | C17: PINTURA DE CONDUTORES E COMPONENTES METÁLICOS DE TELHADOS | D17: CABO DE COBRE 35MM2 - ISOLAMENTO PARA 0,6/1KV - CLASSE 5 - FLEXÍVEL - ISOLAÇÃO EM EPR 90 C | E17: SIURB | F17: M | G17: 778.7 | H17: 0 | I17: 0
A18: 3.5 | B18: 09-003-111 | C18: PINTURA DE ESQUADRIAS E PEÇAS EM MARCENARIA | D18: CABO DE COBRE 70MM2 - ISOLAMENTO PARA 0,6/1KV - CLASSE 5 - FLEXÍVEL - ISOLAÇÃO EM EPR 90 C | E18: SIURB | F18: M | G18: 7095.4 | H18: 0 | I18: 0
A19: 3.6 | B19: 09-003-112 | C19: CABO DE COBRE 95MM2 - ISOLAMENTO PARA 0,6/1KV - CLASSE 5 - FLEXÍVEL - ISOLAÇÃO EM EPR 90 C | D19: CABO DE COBRE 95MM2 - ISOLAMENTO PARA 0,6/1KV - CLASSE 5 - FLEXÍVEL - ISOLAÇÃO EM EPR 90 C | E19: SIURB | F19: M | G19: 120.9 | H19: 0 | I19: 0
A20: 3.7 | B20: 09-003-113 | C20: APLICAÇÃO DE VERNIZ SOBRE SUPERFÍCIES DE CONCRETO APARENTE | D20: CABO DE COBRE 120MM2 - ISOLAMENTO PARA 0,6/1KV - CLASSE 5 - FLEXÍVEL - ISOLAÇÃO EM EPR 90 C | E20: SIURB | F20: M | G20: 650 | H20: 0 | I20: 0
A21: 3.8 | B21: 09-003-115 | C21: CABO DE COBRE 185MM2 - ISOLAMENTO PARA 0,6/1KV - CLASSE 5 - FLEXÍVEL - ISOLAÇÃO EM EPR 90 C | D21: CABO DE COBRE 185MM2 - ISOLAMENTO PARA 0,6/1KV - CLASSE 5 - FLEXÍVEL - ISOLAÇÃO EM EPR 90 C | E21: SIURB | F21: M | G21: 1093.6 | H21: 0 | I21: 0
A22: 3.9 | B22: 09-003-122 | C22: CABO DE COBRE 2,50MM2 - ISOLAMENTO PARA 750V - AFUMEX - CLASSE 5 - FLEXÍVEL - ISOLAÇÃO EM HEPR 90 C | D22: CABO DE COBRE 2,50MM2 - ISOLAMENTO PARA 750V - AFUMEX - CLASSE 5 - FLEXÍVEL - ISOLAÇÃO EM HEPR 90 C | E22: SIURB | F22: M | G22: 32360 | H22: 0 | I22: 0
A23: 3.10 | B23: 09-003-123 | C23: PINTURA DE RODAPÉS E GUARNIÇÕES DE MADEIRAS | D23: CABO DE COBRE 4MM2 - ISOLAMENTO PARA 750V - AFUMEX - CLASSE 5 - FLEXÍVEL - ISOLAÇÃO EM HEPR 90 C | E23: SIURB | F23: M | G23: 4030 | H23: 0 | I23: 0
A24: 3.11 | B24: 09-005-035 | C24: CABO DE COBRE 4MM2 - ISOLAMENTO PARA 750V - AFUMEX - CLASSE 5 - FLEXÍVEL - ISOLAÇÃO EM HEPR 90 C | D24: CAIXA DE PASSAGEM TIPO CONDULETE - 3" | E24: SIURB | F24: UN | G24: 354 | H24: 0 | I24: 0
A25: 3.12 | B25: 09-013-046 | C25: CAIXA DE PASSAGEM TIPO CONDULETE - 3" | D25: ELETROCALHA PERF. GALV. ELETROL. CHAPA 14 - 150X100MM C/ TAMPA E INST. | E25: SIURB | F25: M | G25: 62.4 | H25: 0 | I25: 0
... A27: 3.14 | B27: 09-013-050 | C27: PINTURA MINERAL TEXTURIZADA | D27: ELETROCALHA PERF. GALV. ELETROL. CHAPA 14 - 400X100MM C/ TAMPA E INST. | E27: SIURB | F27: M | G27: 1240.2 | H27: 0 | I27: 0
A28: 4 | D28: QBTG - SMART SAMPA | I28: 0
A29: 4.1 | B29: COMP. 1 | C29: PAREDE DRYWALL FACE DUPLA EM GESSO ACARTONADO | D29: Caixa p/quadro (2000 x 1200 x 40mm) em chapa galvanizada, inclusive barramento, isolador e montagem, exclusive disjuntores | E29: COMPOSIÇÃO | F29: UN | G29: 2 | H29: 0 | I29: 0
A30: 4.2 | B30: 09-008-024 | C30: ISOLAMENTO ACÚSTICO PARA PAREDE DRYWALL | D30: DISJUNTOR AUTOMÁTICO TRIPOLAR A SECO 1600A/600V | E30: SIURB | F30: UN | G30: 6 | H30: 0 | I30: 0
A31: 4.3 | B31: 09-017-037 | C31: REFORÇO DE MADEIRA PARA PAREDE DRYWALL | D31: TRANSFORMADOR DE CORRENTE PARA PROTEÇÃO DE INSTALAÇÃO PRIMÁRIA (TENSÃO MÁXIMA 15kV – USO INTERNO) – RELAÇÃO 200:5A | E31: SIURB | F31: UN | G31: 3 | H31: 0 | I31: 0
A32: 4.4 | B32: 09-008-012 | C32: FORRO EM DRYWALL | D32: MINI DISJUNTOR - TIPO EUROPEU (IEC) - BIPOLAR 6/25A | E32: SIURB | F32: UN | G32: 3 | H32: 0 | I32: 0
A33: 5 | D33: QUADROS TRAFOS | I33: 0
A34: 5.1 | B34: COMP. 1 | C34: Caixa p/quadro (2000 x 1200 x 40mm) em chapa galvanizada, inclusive barramento, isolador e montagem, exclusive disjuntores | D34: Caixa p/quadro (2000 x 1200 x 40mm) em chapa galvanizada, inclusive barramento, isolador e montagem, exclusive disjuntores | E34: COMPOSIÇÃO | F34: UN | G34: 1 | H34: 0 | I34: 0
A35: 5.2 | B35: 101900 | C35: DISJUNTOR BAIXA TENSÃO TRIPOLAR A SECO 800A/600V - FORNECIMENTO E INSTALAÇÃO. AF_07/2025 | D35: DISJUNTOR BAIXA TENSÃO TRIPOLAR A SECO 800A/600V - FORNECIMENTO E INSTALAÇÃO. AF_07/2025 | E35: SINAPI | F35: UN | G35: 8 | H35: 0 | I35: 0
A36: 6 | D36: QGBT - AR CONDICIONADO | I36: 0
A37: 6.1 | B37: COMP. 1 | C37: Caixa p/quadro (2000 x 1200 x 40mm) em chapa galvanizada, inclusive barramento, isolador e montagem, exclusive disjuntores | D37: Caixa p/quadro (2000 x 1200 x 40mm) em chapa galvanizada, inclusive barramento, isolador e montagem, exclusive disjuntores | E37: COMPOSIÇÃO | F37: UN | G37: 1 | H37: 0 | I37: 0
A38: 6.2 | B38: 101900 | C38: DISJUNTOR BAIXA TENSÃO TRIPOLAR A SECO 800A/600V - FORNECIMENTO E INSTALAÇÃO. AF_07/2025 | D38: DISJUNTOR BAIXA TENSÃO TRIPOLAR A SECO 800A/600V - FORNECIMENTO E INSTALAÇÃO. AF_07/2025 | E38: SINAPI | F38: UN | G38: 1 | H38: 0 | I38: 0
A39: 6.3 | B39: 37.11.120 | C39: Base de fusível tripolar de 15 kV | D39: Base de fusível tripolar de 15 kV | E39: CPOS/CDHU | F39: UN | G39: 3 | H39: 0 | I39: 0
A40: 6.4 | B40: 09-017-001 | C40: DPS - DISPOSITIVO PROTEÇÃO CONTRA SURTOS 275V - 40KA | D40: DPS - DISPOSITIVO PROTEÇÃO CONTRA SURTOS 275V - 40KA | E40: SIURB | F40: UN | G40: 4 | H40: 0 | I40: 0
A41: 6.5 | B41: 09-017-037 | C41: TRANSFORMADOR DE CORRENTE PARA PROTEÇÃO DE INSTALAÇÃO PRIMÁRIA (TENSÃO MÁXIMA 15kV – USO INTERNO) – RELAÇÃO 200:5A | D41: TRANSFORMADOR DE CORRENTE PARA PROTEÇÃO DE INSTALAÇÃO PRIMÁRIA (TENSÃO MÁXIMA 15kV – USO INTERNO) – RELAÇÃO 200:5A | E41: SIURB | F41: UN | G41: 3 | H41: 0 | I41: 0
A42: 6.6 | B42: 43.20.260 | C42: Termostato para aquecimento ou refrigeração com programação horária | D42: Termostato para aquecimento ou refrigeração com programação horária | E42: CPOS/CDHU | F42: UN | G42: 1 | H42: 0 | I42: 0
A43: 7 | D43: QGBT - 1 | I43: 0
A44: 7.1 | B44: COMP. 1 | C44: CUBA SIMPLES DE AÇO INOX PARA COPA/COZINHA | D44: Caixa p/quadro (2000 x 1200 x 40mm) em chapa galvanizada, inclusive barramento, isolador e montagem, exclusive disjuntores | E44: COMPOSIÇÃO | F44: UN | G44: 2 | H44: 0 | I44: 0
A45: 7.2 | B45: 09-017-037 | C45: TORNEIRA DE PRESSÃO COM CORPO LONGO PARA PIA DE COPA/COZINHA | D45: TRANSFORMADOR DE CORRENTE PARA PROTEÇÃO DE INSTALAÇÃO PRIMÁRIA (TENSÃO MÁXIMA 15kV – USO INTERNO) – RELAÇÃO 200:5A | E45: SIURB | F45: UN | G45: 6 | H45: 0 | I45: 0
A46: 7.3 | B46: 37.11.120 | C46: REGISTRO DE VAZÃO | D46: Base de fusível tripolar de 15 kV | E46: SIURB | F46: UN | G46: 6 | H46: 0 | I46: 0
A47: 7.4 | B47: 09-014-029 | C47: REGISTRO DE GAVETA | D47: FUSIVEL HH PARA 40A/ 15KV | E47: SIURB | F47: UN | G47: 6 | H47: 0 | I47: 0
A48: 7.5 | B48: 09-017-001 | C48: PONTO PARA INSTALAÇÃO DE FILTRO DE ÁGUA | D48: DPS - DISPOSITIVO PROTEÇÃO CONTRA SURTOS 275V - 40KA | E48: SIURB | F48: UN | G48: 4 | H48: 0 | I48: 0
A49: 7.6 | B49: 101900 | C49: IINSTALAÇÕES HIDROSSANITÁRIAS | D49: DISJUNTOR BAIXA TENSÃO TRIPOLAR A SECO 800A/600V - FORNECIMENTO E INSTALAÇÃO. AF_07/2025 | E49: SINAPI | F49: UN | G49: 2 | H49: 0 | I49: 0
A50: 7.7 | B50: COMP. 3 | C50: IINSTALAÇÕES HIDROSSANITÁRIAS | D50: DISJUNTOR TRIPOLAR CAIXA MOLDADA 690VCA 600A 10KA STECK | E50: COMPOSIÇÃO | F50: UN | G50: 3 | H50: 0 | I50: 0
A51: 7.8 | B51: 09-008-046 | C51: IINSTALAÇÕES HIDROSSANITÁRIAS | D51: DISJUNTOR CAIXA MOLDADA TRIPOLAR 100A COM DISPARADOR TERMOMAGNÉTICO AJUSTÁVEL | E51: SIURB | F51: UN | G51: 3 | H51: 0 | I51: 0
A52: 8 | D52: QGBT - 2 | I52: 0
A53: 8.1 | B53: COMP. 1 | C53: Caixa p/quadro (2000 x 1200 x 40mm) em chapa galvanizada, inclusive barramento, isolador e montagem, exclusive disjuntores | D53: Caixa p/quadro (2000 x 1200 x 40mm) em chapa galvanizada, inclusive barramento, isolador e montagem, exclusive disjuntores | E53: COMPOSIÇÃO | F53: UN | G53: 2 | H53: 0 | I53: 0
A54: 8.2 | B54: 09-017-037 | C54: TRANSFORMADOR DE CORRENTE PARA PROTEÇÃO DE INSTALAÇÃO PRIMÁRIA (TENSÃO MÁXIMA 15kV – USO INTERNO) – RELAÇÃO 200:5A | D54: TRANSFORMADOR DE CORRENTE PARA PROTEÇÃO DE INSTALAÇÃO PRIMÁRIA (TENSÃO MÁXIMA 15kV – USO INTERNO) – RELAÇÃO 200:5A | E54: SIURB | F54: UN | G54: 6 | H54: 0 | I54: 0
A55: 8.3 | B55: 101900 | C55: DISJUNTOR BAIXA TENSÃO TRIPOLAR A SECO 800A/600V - FORNECIMENTO E INSTALAÇÃO. AF_07/2025 | D55: DISJUNTOR BAIXA TENSÃO TRIPOLAR A SECO 800A/600V - FORNECIMENTO E INSTALAÇÃO. AF_07/2025 | E55: SINAPI | F55: UN | G55: 1 | H55: 0 | I55: 0
A56: 8.4 | B56: COMP. 3 | C56: DISJUNTOR TRIPOLAR CAIXA MOLDADA 690VCA 600A 10KA STECK | D56: DISJUNTOR TRIPOLAR CAIXA MOLDADA 690VCA 600A 10KA STECK | E56: COMPOSIÇÃO | F56: UN | G56: 3 | H56: 0 | I56: 0
A57: 8.5 | B57: 09-008-046 | C57: DISJUNTOR CAIXA MOLDADA TRIPOLAR 100A COM DISPARADOR TERMOMAGNÉTICO AJUSTÁVEL | D57: DISJUNTOR CAIXA MOLDADA TRIPOLAR 100A COM DISPARADOR TERMOMAGNÉTICO AJUSTÁVEL | E57: SIURB | F57: UN | G57: 3 | H57: 0 | I57: 0
A58: 8.6 | B58: COMP. 4 | C58: DISJUNTOR TRIPOLAR CAIXA MOLDADA 225A EZC250N3225 SCHNEIDER | D58: DISJUNTOR TRIPOLAR CAIXA MOLDADA 225A EZC250N3225 SCHNEIDER | E58: COMPOSIÇÃO | F58: UN | G58: 1 | H58: 0 | I58: 0
A59: 9 | D59: QD - AUDITÓRIO | I59: 0
A60: 9.1 | B60: 09-005-014 | C60: QUADRO DE DISTRIBUIÇÃO EM CHAPA METÁLICA - PARA ATÉ 34 DISJUNTORES | D60: QUADRO DE DISTRIBUIÇÃO EM CHAPA METÁLICA - PARA ATÉ 34 DISJUNTORES | E60: SIURB | F60: UN | G60: 1 | H60: 0 | I60: 0
A61: 9.2 | B61: 09-006-033 | C61: CHAVE SECCIONADORA ROTATIVA ABERT. SOB CARGA TP (PACCO) - 3X16A | D61: CHAVE SECCIONADORA ROTATIVA ABERT. SOB CARGA TP (PACCO) - 3X16A | E61: SIURB | F61: UN | G61: 1 | H61: 0 | I61: 0
A62: 9.3 | B62: 09-017-001 | C62: DPS - DISPOSITIVO PROTEÇÃO CONTRA SURTOS 275V - 40KA | D62: DPS - DISPOSITIVO PROTEÇÃO CONTRA SURTOS 275V - 40KA | E62: SIURB | F62: UN | G62: 4 | H62: 0 | I62: 0
A63: 9.4 | B63: 09-004-069 | C63: INTERRUPTOR DIFERENCIAL RESIDUAL BIPOLAR 40A - SENSIBILIDADE 30MA - 220V | D63: INTERRUPTOR DIFERENCIAL RESIDUAL BIPOLAR 40A - SENSIBILIDADE 30MA - 220V | E63: SIURB | F63: UN | G63: 3 | H63: 0 | I63: 0
A64: 9.5 | B64: 37.11.120 | C64: Base de fusível tripolar de 15 kV | D64: Base de fusível tripolar de 15 kV | E64: CPOS/CDHU | F64: UN | G64: 3 | H64: 0 | I64: 0
A65: 9.6 | B65: 09-014-029 | C65: FUSIVEL HH PARA 40A/ 15KV | D65: FUSIVEL HH PARA 40A/ 15KV | E65: SIURB | F65: UN | G65: 3 | H65: 0 | I65: 0
A66: 10 | D66: QD - CPD | I66: 0
A67: 10.1 | B67: 09-005-014 | C67: QUADRO DE DISTRIBUIÇÃO EM CHAPA METÁLICA - PARA ATÉ 34 DISJUNTORES | D67: QUADRO DE DISTRIBUIÇÃO EM CHAPA METÁLICA - PARA ATÉ 34 DISJUNTORES | E67: SIURB | F67: UN | G67: 5 | H67: 0 | I67: 0
A68: 10.2 | B68: 37.11.120 | C68: Base de fusível tripolar de 15 kV | D68: Base de fusível tripolar de 15 kV | E68: CPOS/CDHU | F68: UN | G68: 3 | H68: 0 | I68: 0
A69: 10.3 | B69: 09-014-029 | C69: FUSIVEL HH PARA 40A/ 15KV | D69: FUSIVEL HH PARA 40A/ 15KV | E69: SIURB | F69: UN | G69: 3 | H69: 0 | I69: 0
A70: 10.4 | B70: 09-017-001 | C70: DPS - DISPOSITIVO PROTEÇÃO CONTRA SURTOS 275V - 40KA | D70: DPS - DISPOSITIVO PROTEÇÃO CONTRA SURTOS 275V - 40KA | E70: SIURB | F70: UN | G70: 2 | H70: 0 | I70: 0
A71: 10.5 | B71: 09-008-017 | C71: MINI DISJUNTOR - TIPO EUROPEU (IEC) - TRIPOLAR 80A | D71: MINI DISJUNTOR - TIPO EUROPEU (IEC) - TRIPOLAR 80A | E71: SIURB | F71: UN | G71: 2 | H71: 0 | I71: 0
A72: 10.6 | B72: 09-008-014 | C72: MINI DISJUNTOR - TIPO EUROPEU (IEC) - TRIPOLAR 6/25A | D72: MINI DISJUNTOR - TIPO EUROPEU (IEC) - TRIPOLAR 6/25A | E72: SIURB | F72: UN | G72: 1 | H72: 0 | I72: 0
A73: 10.7 | B73: 09-008-015 | C73: MINI DISJUNTOR - TIPO EUROPEU (IEC) - TRIPOLAR 32/50A | D73: MINI DISJUNTOR - TIPO EUROPEU (IEC) - TRIPOLAR 32/50A | E73: SIURB | F73: UN | G73: 1 | H73: 0 | I73: 0
A74: 10.8 | B74: 09-008-013 | C74: MINI DISJUNTOR - TIPO EUROPEU (IEC) - BIPOLAR 32/50A | D74: MINI DISJUNTOR - TIPO EUROPEU (IEC) - BIPOLAR 32/50A | E74: SIURB | F74: UN | G74: 4 | H74: 0 | I74: 0
A75: 10.9 | B75: 09-004-069 | C75: INTERRUPTOR DIFERENCIAL RESIDUAL BIPOLAR 40A - SENSIBILIDADE 30MA - 220V | D75: INTERRUPTOR DIFERENCIAL RESIDUAL BIPOLAR 40A - SENSIBILIDADE 30MA - 220V | E75: SIURB | F75: UN | G75: 5 | H75: 0 | I75: 0
A76: 10.10 | B76: 09-008-014 | C76: MINI DISJUNTOR - TIPO EUROPEU (IEC) - TRIPOLAR 6/25A | D76: MINI DISJUNTOR - TIPO EUROPEU (IEC) - TRIPOLAR 6/25A | E76: SIURB | F76: UN | G76: 5 | H76: 0 | I76: 0
A77: 11 | D77: QD - ILUMINAÇÃO E TOMADAS - ÁREAS INTERNAS E EXTERNAS | I77: 0
A78: 11.1 | B78: 09-005-014 | C78: QUADRO DE DISTRIBUIÇÃO EM CHAPA METÁLICA - PARA ATÉ 34 DISJUNTORES | D78: QUADRO DE DISTRIBUIÇÃO EM CHAPA METÁLICA - PARA ATÉ 34 DISJUNTORES | E78: SIURB | F78: UN | G78: 1 | H78: 0 | I78: 0
A79: 11.2 | B79: 09-006-033 | C79: CHAVE SECCIONADORA ROTATIVA ABERT. SOB CARGA TP (PACCO) - 3X16A | D79: CHAVE SECCIONADORA ROTATIVA ABERT. SOB CARGA TP (PACCO) - 3X16A | E79: SIURB | F79: UN | G79: 1 | H79: 0 | I79: 0
A80: 11.3 | B80: 37.11.120 | C80: Base de fusível tripolar de 15 kV | D80: Base de fusível tripolar de 15 kV | E80: CPOS/CDHU | F80: UN | G80: 3 | H80: 0 | I80: 0
A81: 11.4 | B81: 09-014-029 | C81: FUSIVEL HH PARA 40A/ 15KV | D81: FUSIVEL HH PARA 40A/ 15KV | E81: SIURB | F81: UN | G81: 3 | H81: 0 | I81: 0
A82: 11.5 | B82: 09-008-014 | C82: MINI DISJUNTOR - TIPO EUROPEU (IEC) - TRIPOLAR 6/25A | D82: MINI DISJUNTOR - TIPO EUROPEU (IEC) - TRIPOLAR 6/25A | E82: SIURB | F82: UN | G82: 17 | H82: 0 | I82: 0
A83: 11.6 | B83: 09-017-001 | C83: DPS - DISPOSITIVO PROTEÇÃO CONTRA SURTOS 275V - 40KA | D83: DPS - DISPOSITIVO PROTEÇÃO CONTRA SURTOS 275V - 40KA | E83: SIURB | F83: UN | G83: 4 | H83: 0 | I83: 0
A84: 11.7 | B84: 40.11.070 | C84: Relé supervisor trifásico contra falta de fase, inversão de fase e mínima tensão | D84: Relé supervisor trifásico contra falta de fase, inversão de fase e mínima tensão | E84: CPOS/CDHU | F84: UN | G84: 2 | H84: 0 | I84: 0
A85: 12 | D85: QD - ADMINISTRAÇÃO | I85: 0
A86: 12.1 | B86: 09-005-017 | C86: QUADRO DE DISTRIBUIÇÃO EM CHAPA METÁLICA - PARA ATÉ 44 DISJUNTORES | D86: QUADRO DE DISTRIBUIÇÃO EM CHAPA METÁLICA - PARA ATÉ 44 DISJUNTORES | E86: SIURB | F86: UN | G86: 1 | H86: 0 | I86: 0
A87: 12.2 | B87: 09-006-033 | C87: CHAVE SECCIONADORA ROTATIVA ABERT. SOB CARGA TP (PACCO) - 3X16A | D87: CHAVE SECCIONADORA ROTATIVA ABERT. SOB CARGA TP (PACCO) - 3X16A | E87: SIURB | F87: UN | G87: 1 | H87: 0 | I87: 0
A88: 12.3 | B88: 40.11.070 | C88: Relé supervisor trifásico contra falta de fase, inversão de fase e mínima tensão | D88: Relé supervisor trifásico contra falta de fase, inversão de fase e mínima tensão | E88: CPOS/CDHU | F88: UN | G88: 2 | H88: 0 | I88: 0
A89: 12.4 | B89: 37.11.120 | C89: Base de fusível tripolar de 15 kV | D89: Base de fusível tripolar de 15 kV | E89: CPOS/CDHU | F89: UN | G89: 3 | H89: 0 | I89: 0
A90: 12.5 | B90: 09-014-029 | C90: FUSIVEL HH PARA 40A/ 15KV | D90: FUSIVEL HH PARA 40A/ 15KV | E90: SIURB | F90: UN | G90: 3 | H90: 0 | I90: 0
A91: 12.6 | B91: 09-017-001 | C91: DPS - DISPOSITIVO PROTEÇÃO CONTRA SURTOS 275V - 40KA | D91: DPS - DISPOSITIVO PROTEÇÃO CONTRA SURTOS 275V - 40KA | E91: SIURB | F91: UN | G91: 4 | H91: 0 | I91: 0
A92: 12.7 | B92: 09-008-017 | C92: MINI DISJUNTOR - TIPO EUROPEU (IEC) - TRIPOLAR 80A | D92: MINI DISJUNTOR - TIPO EUROPEU (IEC) - TRIPOLAR 80A | E92: SIURB | F92: UN | G92: 1 | H92: 0 | I92: 0
A93: 12.8 | B93: 09-008-014 | C93: MINI DISJUNTOR - TIPO EUROPEU (IEC) - TRIPOLAR 6/25A | D93: MINI DISJUNTOR - TIPO EUROPEU (IEC) - TRIPOLAR 6/25A | E93: SIURB | F93: UN | G93: 27 | H93: 0 | I93: 0
A94: 12.9 | B94: 09-008-013 | C94: MINI DISJUNTOR - TIPO EUROPEU (IEC) - BIPOLAR 32/50A | D94: MINI DISJUNTOR - TIPO EUROPEU (IEC) - BIPOLAR 32/50A | E94: SIURB | F94: UN | G94: 1 | H94: 0 | I94: 0
A95: 13 | D95: QD - CET | I95: 0
A96: 13.1 | B96: 09-005-014 | C96: QUADRO DE DISTRIBUIÇÃO EM CHAPA METÁLICA - PARA ATÉ 34 DISJUNTORES | D96: QUADRO DE DISTRIBUIÇÃO EM CHAPA METÁLICA - PARA ATÉ 34 DISJUNTORES | E96: SIURB | F96: UN | G96: 1 | H96: 0 | I96: 0
A97: 13.2 | B97: 09-006-033 | C97: CHAVE SECCIONADORA ROTATIVA ABERT. SOB CARGA TP (PACCO) - 3X16A | D97: CHAVE SECCIONADORA ROTATIVA ABERT. SOB CARGA TP (PACCO) - 3X16A | E97: SIURB | F97: UN | G97: 1 | H97: 0 | I97: 0
A98: 13.3 | B98: 40.11.070 | C98: Relé supervisor trifásico contra falta de fase, inversão de fase e mínima tensão | D98: Relé supervisor trifásico contra falta de fase, inversão de fase e mínima tensão | E98: CPOS/CDHU | F98: UN | G98: 2 | H98: 0 | I98: 0
A99: 13.4 | B99: 37.11.120 | C99: Base de fusível tripolar de 15 kV | D99: Base de fusível tripolar de 15 kV | E99: CPOS/CDHU | F99: UN | G99: 3 | H99: 0 | I99: 0
A100: 13.5 | B100: 09-014-029 | C100: FUSIVEL HH PARA 40A/ 15KV | D100: FUSIVEL HH PARA 40A/ 15KV | E100: SIURB | F100: UN | G100: 3 | H100: 0 | I100: 0
A101: 13.6 | B101: 09-017-001 | C101: DPS - DISPOSITIVO PROTEÇÃO CONTRA SURTOS 275V - 40KA | D101: DPS - DISPOSITIVO PROTEÇÃO CONTRA SURTOS 275V - 40KA | E101: SIURB | F101: UN | G101: 4 | H101: 0 | I101: 0
...

Sheet 1_PLANILHA ORÇAMENTÁRIA
B1: PLANILHA ORÇAMENTÁRIA
B2: OBJETO | C2: PALÁCIO DOS CORREIOS - INFRAESTRUTURA ELÉTRICA
B3: ENDEREÇO | C3: São Paulo - SP
B4: CÓDIGO | C4: DESCRIÇÃO DOS SERVIÇOS | D4: CORRESPONDÊNCIA NAS TABELAS REFERENCIAIS | E4: FONTE (COM DESONERAÇÃO) | F4: UNID. | G4: QTDE | H4: PREÇO UNITÁRIO [R$] | I4: PREÇO TOTAL [R$]
A5: 1 | D5: =VLOOKUP(A5,'2_MEMÓRIA'!B:D,2,0) -> EQUIPE TÉCNICA | I5: =IFERROR(SUM(I6:I10),0) -> 217252.8
A6: 1.1 | B6: =VLOOKUP(A6,'2_MEMÓRIA'!B:C,2,0) -> 20-003-002 | C6: =D6 -> ENGENHEIRO/ ARQUITETO SÊNIOR | D6: =VLOOKUP(A6,'2_MEMÓRIA'!B:D,3,0) -> ENGENHEIRO/ ARQUITETO SÊNIOR | E6: =VLOOKUP(VLOOKUP(A6,'2_MEMÓRIA'!B:L,11,0),'0_critérios'!A:D,4,0) -> SIURB | F6: =VLOOKUP(A6,'2_MEMÓRIA'!B:N,12,0) -> H | G6: =VLOOKUP(A6,'2_MEMÓRIA'!B:O,14,0) -> 480 | H6: =VLOOKUP(A6,'2_MEMÓRIA'!B:O,13,0) -> 322.26 | I6: =TRUNC(H6*G6,2) -> 154684.8
A7: 1.2 | B7: =VLOOKUP(A7,'2_MEMÓRIA'!B:C,2,0) -> 100309 | C7: =D7 -> TÉCNICO EM SEGURANÇA DO TRABALHO COM ENCARGOS COMPLEMENTARES | D7: =VLOOKUP(A7,'2_MEMÓRIA'!B:D,3,0) -> TÉCNICO EM SEGURANÇA DO TRABALHO COM ENCARGOS COMPLEMENTARES | E7: =VLOOKUP(VLOOKUP(A7,'2_MEMÓRIA'!B:L,11,0),'0_critérios'!A:D,4,0) -> SINAPI | F7: =VLOOKUP(A7,'2_MEMÓRIA'!B:N,12,0) -> H | G7: =VLOOKUP(A7,'2_MEMÓRIA'!B:O,14,0) -> 240 | H7: =VLOOKUP(A7,'2_MEMÓRIA'!B:O,13,0) -> 76.12 | I7: =TRUNC(H7*G7,2) -> 18268.8
A8: 1.3 | B8: =VLOOKUP(A8,'2_MEMÓRIA'!B:C,2,0) -> 100533 | C8: =D8 -> TECNICO DE EDIFICACOES COM ENCARGOS COMPLEMENTARES | D8: =VLOOKUP(A8,'2_MEMÓRIA'!B:D,3,0) -> TECNICO DE EDIFICACOES COM ENCARGOS COMPLEMENTARES | E8: =VLOOKUP(VLOOKUP(A8,'2_MEMÓRIA'!B:L,11,0),'0_critérios'!A:D,4,0) -> SINAPI | F8: =VLOOKUP(A8,'2_MEMÓRIA'!B:N,12,0) -> H | G8: =VLOOKUP(A8,'2_MEMÓRIA'!B:O,14,0) -> 240 | H8: =VLOOKUP(A8,'2_MEMÓRIA'!B:O,13,0) -> 67.76 | I8: =TRUNC(H8*G8,2) -> 16262.4
A9: 1.4 | B9: =VLOOKUP(A9,'2_MEMÓRIA'!B:C,2,0) -> 12-004-000 | C9: =D9 -> ELETRICISTA | D9: =VLOOKUP(A9,'2_MEMÓRIA'!B:D,3,0) -> ELETRICISTA | E9: =VLOOKUP(VLOOKUP(A9,'2_MEMÓRIA'!B:L,11,0),'0_critérios'!A:D,4,0) -> SIURB | F9: =VLOOKUP(A9,'2_MEMÓRIA'!B:N,12,0) -> H | G9: =VLOOKUP(A9,'2_MEMÓRIA'!B:O,14,0) -> 480 | H9: =VLOOKUP(A9,'2_MEMÓRIA'!B:O,13,0) -> 33.91 | I9: =TRUNC(H9*G9,2) -> 16276.8
A10: 1.5 | B10: =VLOOKUP(A10,'2_MEMÓRIA'!B:C,2,0) -> 03-041-000 | C10: =D10 -> AJUDANTE GERAL | D10: =VLOOKUP(A10,'2_MEMÓRIA'!B:D,3,0) -> AJUDANTE GERAL | E10: =VLOOKUP(VLOOKUP(A10,'2_MEMÓRIA'!B:L,11,0),'0_critérios'!A:D,4,0) -> SIURB | F10: =VLOOKUP(A10,'2_MEMÓRIA'!B:N,12,0) -> H | G10: =VLOOKUP(A10,'2_MEMÓRIA'!B:O,14,0) -> 480 | H10: =VLOOKUP(A10,'2_MEMÓRIA'!B:O,13,0) -> 24.5 | I10: =TRUNC(H10*G10,2) -> 11760
A11: 2 | D11: =VLOOKUP(A11,'2_MEMÓRIA'!B:D,2,0) -> PROJETOS | I11: =IFERROR(SUM(I12),0) -> 60057.9
A12: 2.1 | B12: =VLOOKUP(A12,'2_MEMÓRIA'!B:C,2,0) -> 20-003-061 | C12: =D12 -> PROJETO EXECUTIVO (PRANCHA A1) | D12: =VLOOKUP(A12,'2_MEMÓRIA'!B:D,3,0) -> PROJETO EXECUTIVO (PRANCHA A1) | E12: =VLOOKUP(VLOOKUP(A12,'2_MEMÓRIA'!B:L,11,0),'0_critérios'!A:D,4,0) -> SIURB | F12: =VLOOKUP(A12,'2_MEMÓRIA'!B:N,12,0) -> UN | G12: =VLOOKUP(A12,'2_MEMÓRIA'!B:O,14,0) -> 15 | H12: =VLOOKUP(A12,'2_MEMÓRIA'!B:O,13,0) -> 4003.86 | I12: =TRUNC(H12*G12,2) -> 60057.9
A13: 3 | D13: =VLOOKUP(A13,'2_MEMÓRIA'!B:D,2,0) -> INSTALAÇÕES ELÉTRICAS - CABOS E INFRAESTRUTURA | I13: =IFERROR(SUM(I14:I27),0) -> 2022708
A14: 3.1 | B14: =VLOOKUP(A14,'2_MEMÓRIA'!B:C,2,0) -> 09-084-002 | C14: =D14 -> BUCHA E ARRUELA RÍGIDA PESADA EM ZAMAK - 3/4" | D14: =VLOOKUP(A14,'2_MEMÓRIA'!B:D,3,0) -> BUCHA E ARRUELA RÍGIDA PESADA EM ZAMAK - 3/4" | E14: =VLOOKUP(VLOOKUP(A14,'2_MEMÓRIA'!B:L,11,0),'0_critérios'!A:D,4,0) -> SIURB | F14: =VLOOKUP(A14,'2_MEMÓRIA'!B:N,12,0) -> UN | G14: =VLOOKUP(A14,'2_MEMÓRIA'!B:O,14,0) -> 619 | H14: =VLOOKUP(A14,'2_MEMÓRIA'!B:O,13,0) -> 12.81 | I14: =TRUNC(H14*G14,2) -> 7929.39
A15: 3.2 | B15: =VLOOKUP(A15,'2_MEMÓRIA'!B:C,2,0) -> 09-003-105 | C15: =D15 -> CABO DE COBRE 6MM2 - ISOLAMENTO PARA 0,6/1KV - CLASSE 5 - FLEXÍVEL - ISOLAÇÃO EM EPR 90 C | D15: =VLOOKUP(A15,'2_MEMÓRIA'!B:D,3,0) -> CABO DE COBRE 6MM2 - ISOLAMENTO PARA 0,6/1KV - CLASSE 5 - FLEXÍVEL - ISOLAÇÃO EM EPR 90 C | E15: =VLOOKUP(VLOOKUP(A15,'2_MEMÓRIA'!B:L,11,0),'0_critérios'!A:D,4,0) -> SIURB | F15: =VLOOKUP(A15,'2_MEMÓRIA'!B:N,12,0) -> M | G15: =VLOOKUP(A15,'2_MEMÓRIA'!B:O,14,0) -> 21047 | H15: =VLOOKUP(A15,'2_MEMÓRIA'!B:O,13,0) -> 10.44 | I15: =TRUNC(H15*G15,2) -> 219730.68
A16: 3.3 | B16: =VLOOKUP(A16,'2_MEMÓRIA'!B:C,2,0) -> 09-003-106 | C16: PINTURA DE ESQUADRIAS E PEÇAS METÁLICAS | D16: =VLOOKUP(A16,'2_MEMÓRIA'!B:D,3,0) -> CABO DE COBRE 10MM2 - ISOLAMENTO PARA 0,6/1KV - CLASSE 5 - FLEXÍVEL - ISOLAÇÃO EM EPR 90 C | E16: =VLOOKUP(VLOOKUP(A16,'2_MEMÓRIA'!B:L,11,0),'0_critérios'!A:D,4,0) -> SIURB | F16: =VLOOKUP(A16,'2_MEMÓRIA'!B:N,12,0) -> M | G16: =VLOOKUP(A16,'2_MEMÓRIA'!B:O,14,0) -> 422.5 | H16: =VLOOKUP(A16,'2_MEMÓRIA'!B:O,13,0) -> 14.88 | I16: =TRUNC(H16*G16,2) -> 6286.8
A17: 3.4 | B17: =VLOOKUP(A17,'2_MEMÓRIA'!B:C,2,0) -> 09-003-109 | C17: PINTURA DE CONDUTORES E COMPONENTES METÁLICOS DE TELHADOS | D17: =VLOOKUP(A17,'2_MEMÓRIA'!B:D,3,0) -> CABO DE COBRE 35MM2 - ISOLAMENTO PARA 0,6/1KV - CLASSE 5 - FLEXÍVEL - ISOLAÇÃO EM EPR 90 C | E17: =VLOOKUP(VLOOKUP(A17,'2_MEMÓRIA'!B:L,11,0),'0_critérios'!A:D,4,0) -> SIURB | F17: =VLOOKUP(A17,'2_MEMÓRIA'!B:N,12,0) -> M | G17: =VLOOKUP(A17,'2_MEMÓRIA'!B:O,14,0) -> 778.7 | H17: =VLOOKUP(A17,'2_MEMÓRIA'!B:O,13,0) -> 43.82 | I17: =TRUNC(H17*G17,2) -> 34122.63
A18: 3.5 | B18: =VLOOKUP(A18,'2_MEMÓRIA'!B:C,2,0) -> 09-003-111 | C18: PINTURA DE ESQUADRIAS E PEÇAS EM MARCENARIA | D18: =VLOOKUP(A18,'2_MEMÓRIA'!B:D,3,0) -> CABO DE COBRE 70MM2 - ISOLAMENTO PARA 0,6/1KV - CLASSE 5 - FLEXÍVEL - ISOLAÇÃO EM EPR 90 C | E18: =VLOOKUP(VLOOKUP(A18,'2_MEMÓRIA'!B:L,11,0),'0_critérios'!A:D,4,0) -> SIURB | F18: =VLOOKUP(A18,'2_MEMÓRIA'!B:N,12,0) -> M | G18: =VLOOKUP(A18,'2_MEMÓRIA'!B:O,14,0) -> 7095.4 | H18: =VLOOKUP(A18,'2_MEMÓRIA'!B:O,13,0) -> 83.06 | I18: =TRUNC(H18*G18,2) -> 589343.92
A19: 3.6 | B19: =VLOOKUP(A19,'2_MEMÓRIA'!B:C,2,0) -> 09-003-112 | C19: =D19 -> CABO DE COBRE 95MM2 - ISOLAMENTO PARA 0,6/1KV - CLASSE 5 - FLEXÍVEL - ISOLAÇÃO EM EPR 90 C | D19: =VLOOKUP(A19,'2_MEMÓRIA'!B:D,3,0) -> CABO DE COBRE 95MM2 - ISOLAMENTO PARA 0,6/1KV - CLASSE 5 - FLEXÍVEL - ISOLAÇÃO EM EPR 90 C | E19: =VLOOKUP(VLOOKUP(A19,'2_MEMÓRIA'!B:L,11,0),'0_critérios'!A:D,4,0) -> SIURB | F19: =VLOOKUP(A19,'2_MEMÓRIA'!B:N,12,0) -> M | G19: =VLOOKUP(A19,'2_MEMÓRIA'!B:O,14,0) -> 120.9 | H19: =VLOOKUP(A19,'2_MEMÓRIA'!B:O,13,0) -> 111.2 | I19: =TRUNC(H19*G19,2) -> 13444.08
A20: 3.7 | B20: =VLOOKUP(A20,'2_MEMÓRIA'!B:C,2,0) -> 09-003-113 | C20: APLICAÇÃO DE VERNIZ SOBRE SUPERFÍCIES DE CONCRETO APARENTE | D20: =VLOOKUP(A20,'2_MEMÓRIA'!B:D,3,0) -> CABO DE COBRE 120MM2 - ISOLAMENTO PARA 0,6/1KV - CLASSE 5 - FLEXÍVEL - ISOLAÇÃO EM EPR 90 C | E20: =VLOOKUP(VLOOKUP(A20,'2_MEMÓRIA'!B:L,11,0),'0_critérios'!A:D,4,0) -> SIURB | F20: =VLOOKUP(A20,'2_MEMÓRIA'!B:N,12,0) -> M | G20: =VLOOKUP(A20,'2_MEMÓRIA'!B:O,14,0) -> 650 | H20: =VLOOKUP(A20,'2_MEMÓRIA'!B:O,13,0) -> 140.46 | I20: =TRUNC(H20*G20,2) -> 91299
A21: 3.8 | B21: =VLOOKUP(A21,'2_MEMÓRIA'!B:C,2,0) -> 09-003-115 | C21: =D21 -> CABO DE COBRE 185MM2 - ISOLAMENTO PARA 0,6/1KV - CLASSE 5 - FLEXÍVEL - ISOLAÇÃO EM EPR 90 C | D21: =VLOOKUP(A21,'2_MEMÓRIA'!B:D,3,0) -> CABO DE COBRE 185MM2 - ISOLAMENTO PARA 0,6/1KV - CLASSE 5 - FLEXÍVEL - ISOLAÇÃO EM EPR 90 C | E21: =VLOOKUP(VLOOKUP(A21,'2_MEMÓRIA'!B:L,11,0),'0_critérios'!A:D,4,0) -> SIURB | F21: =VLOOKUP(A21,'2_MEMÓRIA'!B:N,12,0) -> M | G21: =VLOOKUP(A21,'2_MEMÓRIA'!B:O,14,0) -> 1093.6 | H21: =VLOOKUP(A21,'2_MEMÓRIA'!B:O,13,0) -> 207.9 | I21: =TRUNC(H21*G21,2) -> 227359.44
A22: 3.9 | B22: =VLOOKUP(A22,'2_MEMÓRIA'!B:C,2,0) -> 09-003-122 | C22: =D22 -> CABO DE COBRE 2,50MM2 - ISOLAMENTO PARA 750V - AFUMEX - CLASSE 5 - FLEXÍVEL - ISOLAÇÃO EM HEPR 90 C | D22: =VLOOKUP(A22,'2_MEMÓRIA'!B:D,3,0) -> CABO DE COBRE 2,50MM2 - ISOLAMENTO PARA 750V - AFUMEX - CLASSE 5 - FLEXÍVEL - ISOLAÇÃO EM HEPR 90 C | E22: =VLOOKUP(VLOOKUP(A22,'2_MEMÓRIA'!B:L,11,0),'0_critérios'!A:D,4,0) -> SIURB | F22: =VLOOKUP(A22,'2_MEMÓRIA'!B:N,12,0) -> M | G22: =VLOOKUP(A22,'2_MEMÓRIA'!B:O,14,0) -> 32360 | H22: =VLOOKUP(A22,'2_MEMÓRIA'!B:O,13,0) -> 5.38 | I22: =TRUNC(H22*G22,2) -> 174096.8
A23: 3.10 | B23: =VLOOKUP(A23,'2_MEMÓRIA'!B:C,2,0) -> 09-003-123 | C23: PINTURA DE RODAPÉS E GUARNIÇÕES DE MADEIRAS | D23: =VLOOKUP(A23,'2_MEMÓRIA'!B:D,3,0) -> CABO DE COBRE 4MM2 - ISOLAMENTO PARA 750V - AFUMEX - CLASSE 5 - FLEXÍVEL - ISOLAÇÃO EM HEPR 90 C | E23: =VLOOKUP(VLOOKUP(A23,'2_MEMÓRIA'!B:L,11,0),'0_critérios'!A:D,4,0) -> SIURB | F23: =VLOOKUP(A23,'2_MEMÓRIA'!B:N,12,0) -> M | G23: =VLOOKUP(A23,'2_MEMÓRIA'!B:O,14,0) -> 4030 | H23: =VLOOKUP(A23,'2_MEMÓRIA'!B:O,13,0) -> 7.6 | I23: =TRUNC(H23*G23,2) -> 30628
A24: 3.11 | B24: =VLOOKUP(A24,'2_MEMÓRIA'!B:C,2,0) -> 09-005-035 | C24: =D23 -> CABO DE COBRE 4MM2 - ISOLAMENTO PARA 750V - AFUMEX - CLASSE 5 - FLEXÍVEL - ISOLAÇÃO EM HEPR 90 C | D24: =VLOOKUP(A24,'2_MEMÓRIA'!B:D,3,0) -> CAIXA DE PASSAGEM TIPO CONDULETE - 3" | E24: =VLOOKUP(VLOOKUP(A24,'2_MEMÓRIA'!B:L,11,0),'0_critérios'!A:D,4,0) -> SIURB | F24: =VLOOKUP(A24,'2_MEMÓRIA'!B:N,12,0) -> UN | G24: =VLOOKUP(A24,'2_MEMÓRIA'!B:O,14,0) -> 354 | H24: =VLOOKUP(A24,'2_MEMÓRIA'!B:O,13,0) -> 311.54 | I24: =TRUNC(H24*G24,2) -> 110285.16
A25: 3.12 | B25: =VLOOKUP(A25,'2_MEMÓRIA'!B:C,2,0) -> 09-013-046 | C25: =D24 -> CAIXA DE PASSAGEM TIPO CONDULETE - 3" | D25: =VLOOKUP(A25,'2_MEMÓRIA'!B:D,3,0) -> ELETROCALHA PERF. GALV. ELETROL. CHAPA 14 - 150X100MM C/ TAMPA E INST. | E25: =VLOOKUP(VLOOKUP(A25,'2_MEMÓRIA'!B:L,11,0),'0_critérios'!A:D,4,0) -> SIURB | F25: =VLOOKUP(A25,'2_MEMÓRIA'!B:N,12,0) -> M | G25: =VLOOKUP(A25,'2_MEMÓRIA'!B:O,14,0) -> 62.4 | H25: =VLOOKUP(A25,'2_MEMÓRIA'!B:O,13,0) -> 185.28 | I25: =TRUNC(H25*G25,2) -> 11561.47
A26: 3.13 | B26: =VLOOKUP(A26,'2_MEMÓRIA'!B:C,2,0) -> 09-013-047 | C26: =D25 -> ELETROCALHA PERF. GALV. ELETROL. CHAPA 14 - 150X100MM C/ TAMPA E INST. | D26: =VLOOKUP(A26,'2_MEMÓRIA'!B:D,3,0) -> ELETROCALHA PERF. GALV. ELETROL. CHAPA 14 - 200X100MM C/ TAMPA E INST. | E26: =VLOOKUP(VLOOKUP(A26,'2_MEMÓRIA'!B:L,11,0),'0_critérios'!A:D,4,0) -> SIURB | F26: =VLOOKUP(A26,'2_MEMÓRIA'!B:N,12,0) -> M | G26: =VLOOKUP(A26,'2_MEMÓRIA'!B:O,14,0) -> 606 | H26: =VLOOKUP(A26,'2_MEMÓRIA'!B:O,13,0) -> 212.49 | I26: =TRUNC(H26*G26,2) -> 128768.94
A27: 3.14 | B27: =VLOOKUP(A27,'2_MEMÓRIA'!B:C,2,0) -> 09-013-050 | C27: PINTURA MINERAL TEXTURIZADA | D27: =VLOOKUP(A27,'2_MEMÓRIA'!B:D,3,0) -> ELETROCALHA PERF. GALV. ELETROL. CHAPA 14 - 400X100MM C/ TAMPA E INST. | E27: =VLOOKUP(VLOOKUP(A27,'2_MEMÓRIA'!B:L,11,0),'0_critérios'!A:D,4,0) -> SIURB | F27: =VLOOKUP(A27,'2_MEMÓRIA'!B:N,12,0) -> M | G27: =VLOOKUP(A27,'2_MEMÓRIA'!B:O,14,0) -> 1240.2 | H27: =VLOOKUP(A27,'2_MEMÓRIA'!B:O,13,0) -> 304.67 | I27: =TRUNC(H27*G27,2) -> 377851.73
A28: 4 | D28: =VLOOKUP(A28,'2_MEMÓRIA'!B:D,2,0) -> QBTG - SMART SAMPA | I28: =IFERROR(SUM(I29:I32),0) -> 226306.11
A29: 4.1 | B29: =VLOOKUP(A29,'2_MEMÓRIA'!B:C,2,0) -> COMP. 1 | C29: PAREDE DRYWALL FACE DUPLA EM GESSO ACARTONADO | D29: =VLOOKUP(A29,'2_MEMÓRIA'!B:D,3,0) -> Caixa p/quadro (2000 x 1200 x 40mm) em chapa galvanizada, inclusive barramento, isolador e montagem, exclusive disjuntores | E29: =VLOOKUP(VLOOKUP(A29,'2_MEMÓRIA'!B:L,11,0),'0_critérios'!A:D,4,0) -> COMPOSIÇÃO | F29: =VLOOKUP(A29,'2_MEMÓRIA'!B:N,12,0) -> UN | G29: =VLOOKUP(A29,'2_MEMÓRIA'!B:O,14,0) -> 2 | H29: =VLOOKUP(A29,'2_MEMÓRIA'!B:O,13,0) -> 20868.36 | I29: =TRUNC(H29*G29,2) -> 41736.72
A30: 4.2 | B30: =VLOOKUP(A30,'2_MEMÓRIA'!B:C,2,0) -> 09-008-024 | C30: ISOLAMENTO ACÚSTICO PARA PAREDE DRYWALL | D30: =VLOOKUP(A30,'2_MEMÓRIA'!B:D,3,0) -> DISJUNTOR AUTOMÁTICO TRIPOLAR A SECO 1600A/600V | E30: =VLOOKUP(VLOOKUP(A30,'2_MEMÓRIA'!B:L,11,0),'0_critérios'!A:D,4,0) -> SIURB | F30: =VLOOKUP(A30,'2_MEMÓRIA'!B:N,12,0) -> UN | G30: =VLOOKUP(A30,'2_MEMÓRIA'!B:O,14,0) -> 6 | H30: =VLOOKUP(A30,'2_MEMÓRIA'!B:O,13,0) -> 29957.46 | I30: =TRUNC(H30*G30,2) -> 179744.76
A31: 4.3 | B31: =VLOOKUP(A31,'2_MEMÓRIA'!B:C,2,0) -> 09-017-037 | C31: REFORÇO DE MADEIRA PARA PAREDE DRYWALL | D31: =VLOOKUP(A31,'2_MEMÓRIA'!B:D,3,0) -> TRANSFORMADOR DE CORRENTE PARA PROTEÇÃO DE INSTALAÇÃO PRIMÁRIA (TENSÃO MÁXIMA 15kV – USO INTERNO) – RELAÇÃO 200:5A | E31: =VLOOKUP(VLOOKUP(A31,'2_MEMÓRIA'!B:L,11,0),'0_critérios'!A:D,4,0) -> SIURB | F31: =VLOOKUP(A31,'2_MEMÓRIA'!B:N,12,0) -> UN | G31: =VLOOKUP(A31,'2_MEMÓRIA'!B:O,14,0) -> 3 | H31: =VLOOKUP(A31,'2_MEMÓRIA'!B:O,13,0) -> 1526.14 | I31: =TRUNC(H31*G31,2) -> 4578.42
A32: 4.4 | B32: =VLOOKUP(A32,'2_MEMÓRIA'!B:C,2,0) -> 09-008-012 | C32: FORRO EM DRYWALL | D32: =VLOOKUP(A32,'2_MEMÓRIA'!B:D,3,0) -> MINI DISJUNTOR - TIPO EUROPEU (IEC) - BIPOLAR 6/25A | E32: =VLOOKUP(VLOOKUP(A32,'2_MEMÓRIA'!B:L,11,0),'0_critérios'!A:D,4,0) -> SIURB | F32: =VLOOKUP(A32,'2_MEMÓRIA'!B:N,12,0) -> UN | G32: =VLOOKUP(A32,'2_MEMÓRIA'!B:O,14,0) -> 3 | H32: =VLOOKUP(A32,'2_MEMÓRIA'!B:O,13,0) -> 82.07 | I32: =TRUNC(H32*G32,2) -> 246.21
A33: 5 | D33: =VLOOKUP(A33,'2_MEMÓRIA'!B:D,2,0) -> QUADROS TRAFOS | I33: =IFERROR(SUM(I34:I35),0) -> 53139.64
A34: 5.1 | B34: =VLOOKUP(A34,'2_MEMÓRIA'!B:C,2,0) -> COMP. 1 | C34: =D34 -> Caixa p/quadro (2000 x 1200 x 40mm) em chapa galvanizada, inclusive barramento, isolador e montagem, exclusive disjuntores | D34: =VLOOKUP(A34,'2_MEMÓRIA'!B:D,3,0) -> Caixa p/quadro (2000 x 1200 x 40mm) em chapa galvanizada, inclusive barramento, isolador e montagem, exclusive disjuntores | E34: =VLOOKUP(VLOOKUP(A34,'2_MEMÓRIA'!B:L,11,0),'0_critérios'!A:D,4,0) -> COMPOSIÇÃO | F34: =VLOOKUP(A34,'2_MEMÓRIA'!B:N,12,0) -> UN | G34: =VLOOKUP(A34,'2_MEMÓRIA'!B:O,14,0) -> 1 | H34: =VLOOKUP(A34,'2_MEMÓRIA'!B:O,13,0) -> 20868.36 | I34: =TRUNC(H34*G34,2) -> 20868.36
A35: 5.2 | B35: =VLOOKUP(A35,'2_MEMÓRIA'!B:C,2,0) -> 101900 | C35: =D35 -> DISJUNTOR BAIXA TENSÃO TRIPOLAR A SECO 800A/600V - FORNECIMENTO E INSTALAÇÃO. AF_07/2025 | D35: =VLOOKUP(A35,'2_MEMÓRIA'!B:D,3,0) -> DISJUNTOR BAIXA TENSÃO TRIPOLAR A SECO 800A/600V - FORNECIMENTO E INSTALAÇÃO. AF_07/2025 | E35: =VLOOKUP(VLOOKUP(A35,'2_MEMÓRIA'!B:L,11,0),'0_critérios'!A:D,4,0) -> SINAPI | F35: =VLOOKUP(A35,'2_MEMÓRIA'!B:N,12,0) -> UN | G35: =VLOOKUP(A35,'2_MEMÓRIA'!B:O,14,0) -> 8 | H35: =VLOOKUP(A35,'2_MEMÓRIA'!B:O,13,0) -> 4033.91 | I35: =TRUNC(H35*G35,2) -> 32271.28
A36: 6 | D36: =VLOOKUP(A36,'2_MEMÓRIA'!B:D,2,0) -> QGBT - AR CONDICIONADO | I36: =IFERROR(SUM(I37:I42),0) -> 35455.82
A37: 6.1 | B37: =VLOOKUP(A37,'2_MEMÓRIA'!B:C,2,0) -> COMP. 1 | C37: =D37 -> Caixa p/quadro (2000 x 1200 x 40mm) em chapa galvanizada, inclusive barramento, isolador e montagem, exclusive disjuntores | D37: =VLOOKUP(A37,'2_MEMÓRIA'!B:D,3,0) -> Caixa p/quadro (2000 x 1200 x 40mm) em chapa galvanizada, inclusive barramento, isolador e montagem, exclusive disjuntores | E37: =VLOOKUP(VLOOKUP(A37,'2_MEMÓRIA'!B:L,11,0),'0_critérios'!A:D,4,0) -> COMPOSIÇÃO | F37: =VLOOKUP(A37,'2_MEMÓRIA'!B:N,12,0) -> UN | G37: =VLOOKUP(A37,'2_MEMÓRIA'!B:O,14,0) -> 1 | H37: =VLOOKUP(A37,'2_MEMÓRIA'!B:O,13,0) -> 20868.36 | I37: =TRUNC(H37*G37,2) -> 20868.36
A38: 6.2 | B38: =VLOOKUP(A38,'2_MEMÓRIA'!B:C,2,0) -> 101900 | C38: =D38 -> DISJUNTOR BAIXA TENSÃO TRIPOLAR A SECO 800A/600V - FORNECIMENTO E INSTALAÇÃO. AF_07/2025 | D38: =VLOOKUP(A38,'2_MEMÓRIA'!B:D,3,0) -> DISJUNTOR BAIXA TENSÃO TRIPOLAR A SECO 800A/600V - FORNECIMENTO E INSTALAÇÃO. AF_07/2025 | E38: =VLOOKUP(VLOOKUP(A38,'2_MEMÓRIA'!B:L,11,0),'0_critérios'!A:D,4,0) -> SINAPI | F38: =VLOOKUP(A38,'2_MEMÓRIA'!B:N,12,0) -> UN | G38: =VLOOKUP(A38,'2_MEMÓRIA'!B:O,14,0) -> 1 | H38: =VLOOKUP(A38,'2_MEMÓRIA'!B:O,13,0) -> 4033.91 | I38: =TRUNC(H38*G38,2) -> 4033.91
A39: 6.3 | B39: =VLOOKUP(A39,'2_MEMÓRIA'!B:C,2,0) -> 37.11.120 | C39: =D39 -> Base de fusível tripolar de 15 kV | D39: =VLOOKUP(A39,'2_MEMÓRIA'!B:D,3,0) -> Base de fusível tripolar de 15 kV | E39: =VLOOKUP(VLOOKUP(A39,'2_MEMÓRIA'!B:L,11,0),'0_critérios'!A:D,4,0) -> CPOS/CDHU | F39: =VLOOKUP(A39,'2_MEMÓRIA'!B:N,12,0) -> UN | G39: =VLOOKUP(A39,'2_MEMÓRIA'!B:O,14,0) -> 3 | H39: =VLOOKUP(A39,'2_MEMÓRIA'!B:O,13,0) -> 1502.13 | I39: =TRUNC(H39*G39,2) -> 4506.39
A40: 6.4 | B40: =VLOOKUP(A40,'2_MEMÓRIA'!B:C,2,0) -> 09-017-001 | C40: =D40 -> DPS - DISPOSITIVO PROTEÇÃO CONTRA SURTOS 275V - 40KA | D40: =VLOOKUP(A40,'2_MEMÓRIA'!B:D,3,0) -> DPS - DISPOSITIVO PROTEÇÃO CONTRA SURTOS 275V - 40KA | E40: =VLOOKUP(VLOOKUP(A40,'2_MEMÓRIA'!B:L,11,0),'0_critérios'!A:D,4,0) -> SIURB | F40: =VLOOKUP(A40,'2_MEMÓRIA'!B:N,12,0) -> UN | G40: =VLOOKUP(A40,'2_MEMÓRIA'!B:O,14,0) -> 4 | H40: =VLOOKUP(A40,'2_MEMÓRIA'!B:O,13,0) -> 250.7 | I40: =TRUNC(H40*G40,2) -> 1002.8
A41: 6.5 | B41: =VLOOKUP(A41,'2_MEMÓRIA'!B:C,2,0) -> 09-017-037 | C41: =D41 -> TRANSFORMADOR DE CORRENTE PARA PROTEÇÃO DE INSTALAÇÃO PRIMÁRIA (TENSÃO MÁXIMA 15kV – USO INTERNO) – RELAÇÃO 200:5A | D41: =VLOOKUP(A41,'2_MEMÓRIA'!B:D,3,0) -> TRANSFORMADOR DE CORRENTE PARA PROTEÇÃO DE INSTALAÇÃO PRIMÁRIA (TENSÃO MÁXIMA 15kV – USO INTERNO) – RELAÇÃO 200:5A | E41: =VLOOKUP(VLOOKUP(A41,'2_MEMÓRIA'!B:L,11,0),'0_critérios'!A:D,4,0) -> SIURB | F41: =VLOOKUP(A41,'2_MEMÓRIA'!B:N,12,0) -> UN | G41: =VLOOKUP(A41,'2_MEMÓRIA'!B:O,14,0) -> 3 | H41: =VLOOKUP(A41,'2_MEMÓRIA'!B:O,13,0) -> 1526.14 | I41: =TRUNC(H41*G41,2) -> 4578.42
A42: 6.6 | B42: =VLOOKUP(A42,'2_MEMÓRIA'!B:C,2,0) -> 43.20.260 | C42: =D42 -> Termostato para aquecimento ou refrigeração com programação horária | D42: =VLOOKUP(A42,'2_MEMÓRIA'!B:D,3,0) -> Termostato para aquecimento ou refrigeração com programação horária | E42: =VLOOKUP(VLOOKUP(A42,'2_MEMÓRIA'!B:L,11,0),'0_critérios'!A:D,4,0) -> CPOS/CDHU | F42: =VLOOKUP(A42,'2_MEMÓRIA'!B:N,12,0) -> UN | G42: =VLOOKUP(A42,'2_MEMÓRIA'!B:O,14,0) -> 1 | H42: =VLOOKUP(A42,'2_MEMÓRIA'!B:O,13,0) -> 465.94 | I42: =TRUNC(H42*G42,2) -> 465.94
A43: 7 | D43: =VLOOKUP(A43,'2_MEMÓRIA'!B:D,2,0) -> QGBT - 1 | I43: =IFERROR(SUM(I44:I51),0) -> 85707.45
A44: 7.1 | B44: =VLOOKUP(A44,'2_MEMÓRIA'!B:C,2,0) -> COMP. 1 | C44: CUBA SIMPLES DE AÇO INOX PARA COPA/COZINHA | D44: =VLOOKUP(A44,'2_MEMÓRIA'!B:D,3,0) -> Caixa p/quadro (2000 x 1200 x 40mm) em chapa galvanizada, inclusive barramento, isolador e montagem, exclusive disjuntores | E44: =VLOOKUP(VLOOKUP(A44,'2_MEMÓRIA'!B:L,11,0),'0_critérios'!A:D,4,0) -> COMPOSIÇÃO | F44: =VLOOKUP(A44,'2_MEMÓRIA'!B:N,12,0) -> UN | G44: =VLOOKUP(A44,'2_MEMÓRIA'!B:O,14,0) -> 2 | H44: =VLOOKUP(A44,'2_MEMÓRIA'!B:O,13,0) -> 20868.36 | I44: =TRUNC(H44*G44,2) -> 41736.72
A45: 7.2 | B45: =VLOOKUP(A45,'2_MEMÓRIA'!B:C,2,0) -> 09-017-037 | C45: TORNEIRA DE PRESSÃO COM CORPO LONGO PARA PIA DE COPA/COZINHA | D45: =VLOOKUP(A45,'2_MEMÓRIA'!B:D,3,0) -> TRANSFORMADOR DE CORRENTE PARA PROTEÇÃO DE INSTALAÇÃO PRIMÁRIA (TENSÃO MÁXIMA 15kV – USO INTERNO) – RELAÇÃO 200:5A | E45: =VLOOKUP(VLOOKUP(A45,'2_MEMÓRIA'!B:L,11,0),'0_critérios'!A:D,4,0) -> SIURB | F45: =VLOOKUP(A45,'2_MEMÓRIA'!B:N,12,0) -> UN | G45: =VLOOKUP(A45,'2_MEMÓRIA'!B:O,14,0) -> 6 | H45: =VLOOKUP(A45,'2_MEMÓRIA'!B:O,13,0) -> 1526.14 | I45: =TRUNC(H45*G45,2) -> 9156.84
A46: 7.3 | B46: =VLOOKUP(A46,'2_MEMÓRIA'!B:C,2,0) -> 37.11.120 | C46: REGISTRO DE VAZÃO | D46: =VLOOKUP(A46,'2_MEMÓRIA'!B:D,3,0) -> Base de fusível tripolar de 15 kV | E46: =VLOOKUP(VLOOKUP(A46,'2_MEMÓRIA'!B:L,11,0),'0_critérios'!A:D,4,0) -> SIURB | F46: =VLOOKUP(A46,'2_MEMÓRIA'!B:N,12,0) -> UN | G46: =VLOOKUP(A46,'2_MEMÓRIA'!B:O,14,0) -> 6 | H46: =VLOOKUP(A46,'2_MEMÓRIA'!B:O,13,0) -> 1502.13 | I46: =TRUNC(H46*G46,2) -> 9012.78
A47: 7.4 | B47: =VLOOKUP(A47,'2_MEMÓRIA'!B:C,2,0) -> 09-014-029 | C47: REGISTRO DE GAVETA | D47: =VLOOKUP(A47,'2_MEMÓRIA'!B:D,3,0) -> FUSIVEL HH PARA 40A/ 15KV | E47: =VLOOKUP(VLOOKUP(A47,'2_MEMÓRIA'!B:L,11,0),'0_critérios'!A:D,4,0) -> SIURB | F47: =VLOOKUP(A47,'2_MEMÓRIA'!B:N,12,0) -> UN | G47: =VLOOKUP(A47,'2_MEMÓRIA'!B:O,14,0) -> 6 | H47: =VLOOKUP(A47,'2_MEMÓRIA'!B:O,13,0) -> 460.89 | I47: =TRUNC(H47*G47,2) -> 2765.34
A48: 7.5 | B48: =VLOOKUP(A48,'2_MEMÓRIA'!B:C,2,0) -> 09-017-001 | C48: PONTO PARA INSTALAÇÃO DE FILTRO DE ÁGUA | D48: =VLOOKUP(A48,'2_MEMÓRIA'!B:D,3,0) -> DPS - DISPOSITIVO PROTEÇÃO CONTRA SURTOS 275V - 40KA | E48: =VLOOKUP(VLOOKUP(A48,'2_MEMÓRIA'!B:L,11,0),'0_critérios'!A:D,4,0) -> SIURB | F48: =VLOOKUP(A48,'2_MEMÓRIA'!B:N,12,0) -> UN | G48: =VLOOKUP(A48,'2_MEMÓRIA'!B:O,14,0) -> 4 | H48: =VLOOKUP(A48,'2_MEMÓRIA'!B:O,13,0) -> 250.7 | I48: =TRUNC(H48*G48,2) -> 1002.8
A49: 7.6 | B49: =VLOOKUP(A49,'2_MEMÓRIA'!B:C,2,0) -> 101900 | C49: IINSTALAÇÕES HIDROSSANITÁRIAS | D49: =VLOOKUP(A49,'2_MEMÓRIA'!B:D,3,0) -> DISJUNTOR BAIXA TENSÃO TRIPOLAR A SECO 800A/600V - FORNECIMENTO E INSTALAÇÃO. AF_07/2025 | E49: =VLOOKUP(VLOOKUP(A49,'2_MEMÓRIA'!B:L,11,0),'0_critérios'!A:D,4,0) -> SINAPI | F49: =VLOOKUP(A49,'2_MEMÓRIA'!B:N,12,0) -> UN | G49: =VLOOKUP(A49,'2_MEMÓRIA'!B:O,14,0) -> 2 | H49: =VLOOKUP(A49,'2_MEMÓRIA'!B:O,13,0) -> 4033.91 | I49: =TRUNC(H49*G49,2) -> 8067.82
A50: 7.7 | B50: =VLOOKUP(A50,'2_MEMÓRIA'!B:C,2,0) -> COMP. 3 | C50: IINSTALAÇÕES HIDROSSANITÁRIAS | D50: =VLOOKUP(A50,'2_MEMÓRIA'!B:D,3,0) -> DISJUNTOR TRIPOLAR CAIXA MOLDADA 690VCA 600A 10KA STECK | E50: =VLOOKUP(VLOOKUP(A50,'2_MEMÓRIA'!B:L,11,0),'0_critérios'!A:D,4,0) -> COMPOSIÇÃO | F50: =VLOOKUP(A50,'2_MEMÓRIA'!B:N,12,0) -> UN | G50: =VLOOKUP(A50,'2_MEMÓRIA'!B:O,14,0) -> 3 | H50: =VLOOKUP(A50,'2_MEMÓRIA'!B:O,13,0) -> 3244.91 | I50: =TRUNC(H50*G50,2) -> 9734.73
A51: 7.8 | B51: =VLOOKUP(A51,'2_MEMÓRIA'!B:C,2,0) -> 09-008-046 | C51: IINSTALAÇÕES HIDROSSANITÁRIAS | D51: =VLOOKUP(A51,'2_MEMÓRIA'!B:D,3,0) -> DISJUNTOR CAIXA MOLDADA TRIPOLAR 100A COM DISPARADOR TERMOMAGNÉTICO AJUSTÁVEL | E51: =VLOOKUP(VLOOKUP(A51,'2_MEMÓRIA'!B:L,11,0),'0_critérios'!A:D,4,0) -> SIURB | F51: =VLOOKUP(A51,'2_MEMÓRIA'!B:N,12,0) -> UN | G51: =VLOOKUP(A51,'2_MEMÓRIA'!B:O,14,0) -> 3 | H51: =VLOOKUP(A51,'2_MEMÓRIA'!B:O,13,0) -> 1410.14 | I51: =TRUNC(H51*G51,2) -> 4230.42
A52: 8 | D52: =VLOOKUP(A52,'2_MEMÓRIA'!B:D,2,0) -> QGBT - 2 | I52: =IFERROR(SUM(I53:I58),0) -> 70530.26
A53: 8.1 | B53: =VLOOKUP(A53,'2_MEMÓRIA'!B:C,2,0) -> COMP. 1 | C53: =D53 -> Caixa p/quadro (2000 x 1200 x 40mm) em chapa galvanizada, inclusive barramento, isolador e montagem, exclusive disjuntores | D53: =VLOOKUP(A53,'2_MEMÓRIA'!B:D,3,0) -> Caixa p/quadro (2000 x 1200 x 40mm) em chapa galvanizada, inclusive barramento, isolador e montagem, exclusive disjuntores | E53: =VLOOKUP(VLOOKUP(A53,'2_MEMÓRIA'!B:L,11,0),'0_critérios'!A:D,4,0) -> COMPOSIÇÃO | F53: =VLOOKUP(A53,'2_MEMÓRIA'!B:N,12,0) -> UN | G53: =VLOOKUP(A53,'2_MEMÓRIA'!B:O,14,0) -> 2 | H53: =VLOOKUP(A53,'2_MEMÓRIA'!B:O,13,0) -> 20868.36 | I53: =TRUNC(H53*G53,2) -> 41736.72
A54: 8.2 | B54: =VLOOKUP(A54,'2_MEMÓRIA'!B:C,2,0) -> 09-017-037 | C54: =D54 -> TRANSFORMADOR DE CORRENTE PARA PROTEÇÃO DE INSTALAÇÃO PRIMÁRIA (TENSÃO MÁXIMA 15kV – USO INTERNO) – RELAÇÃO 200:5A | D54: =VLOOKUP(A54,'2_MEMÓRIA'!B:D,3,0) -> TRANSFORMADOR DE CORRENTE PARA PROTEÇÃO DE INSTALAÇÃO PRIMÁRIA (TENSÃO MÁXIMA 15kV – USO INTERNO) – RELAÇÃO 200:5A | E54: =VLOOKUP(VLOOKUP(A54,'2_MEMÓRIA'!B:L,11,0),'0_critérios'!A:D,4,0) -> SIURB | F54: =VLOOKUP(A54,'2_MEMÓRIA'!B:N,12,0) -> UN | G54: =VLOOKUP(A54,'2_MEMÓRIA'!B:O,14,0) -> 6 | H54: =VLOOKUP(A54,'2_MEMÓRIA'!B:O,13,0) -> 1526.14 | I54: =TRUNC(H54*G54,2) -> 9156.84
A55: 8.3 | B55: =VLOOKUP(A55,'2_MEMÓRIA'!B:C,2,0) -> 101900 | C55: =D55 -> DISJUNTOR BAIXA TENSÃO TRIPOLAR A SECO 800A/600V - FORNECIMENTO E INSTALAÇÃO. AF_07/2025 | D55: =VLOOKUP(A55,'2_MEMÓRIA'!B:D,3,0) -> DISJUNTOR BAIXA TENSÃO TRIPOLAR A SECO 800A/600V - FORNECIMENTO E INSTALAÇÃO. AF_07/2025 | E55: =VLOOKUP(VLOOKUP(A55,'2_MEMÓRIA'!B:L,11,0),'0_critérios'!A:D,4,0) -> SINAPI | F55: =VLOOKUP(A55,'2_MEMÓRIA'!B:N,12,0) -> UN | G55: =VLOOKUP(A55,'2_MEMÓRIA'!B:O,14,0) -> 1 | H55: =VLOOKUP(A55,'2_MEMÓRIA'!B:O,13,0) -> 4033.91 | I55: =TRUNC(H55*G55,2) -> 4033.91
A56: 8.4 | B56: =VLOOKUP(A56,'2_MEMÓRIA'!B:C,2,0) -> COMP. 3 | C56: =D56 -> DISJUNTOR TRIPOLAR CAIXA MOLDADA 690VCA 600A 10KA STECK | D56: =VLOOKUP(A56,'2_MEMÓRIA'!B:D,3,0) -> DISJUNTOR TRIPOLAR CAIXA MOLDADA 690VCA 600A 10KA STECK | E56: =VLOOKUP(VLOOKUP(A56,'2_MEMÓRIA'!B:L,11,0),'0_critérios'!A:D,4,0) -> COMPOSIÇÃO | F56: =VLOOKUP(A56,'2_MEMÓRIA'!B:N,12,0) -> UN | G56: =VLOOKUP(A56,'2_MEMÓRIA'!B:O,14,0) -> 3 | H56: =VLOOKUP(A56,'2_MEMÓRIA'!B:O,13,0) -> 3244.91 | I56: =TRUNC(H56*G56,2) -> 9734.73
A57: 8.5 | B57: =VLOOKUP(A57,'2_MEMÓRIA'!B:C,2,0) -> 09-008-046 | C57: =D57 -> DISJUNTOR CAIXA MOLDADA TRIPOLAR 100A COM DISPARADOR TERMOMAGNÉTICO AJUSTÁVEL | D57: =VLOOKUP(A57,'2_MEMÓRIA'!B:D,3,0) -> DISJUNTOR CAIXA MOLDADA TRIPOLAR 100A COM DISPARADOR TERMOMAGNÉTICO AJUSTÁVEL | E57: =VLOOKUP(VLOOKUP(A57,'2_MEMÓRIA'!B:L,11,0),'0_critérios'!A:D,4,0) -> SIURB | F57: =VLOOKUP(A57,'2_MEMÓRIA'!B:N,12,0) -> UN | G57: =VLOOKUP(A57,'2_MEMÓRIA'!B:O,14,0) -> 3 | H57: =VLOOKUP(A57,'2_MEMÓRIA'!B:O,13,0) -> 1410.14 | I57: =TRUNC(H57*G57,2) -> 4230.42
A58: 8.6 | B58: =VLOOKUP(A58,'2_MEMÓRIA'!B:C,2,0) -> COMP. 4 | C58: =D58 -> DISJUNTOR TRIPOLAR CAIXA MOLDADA 225A EZC250N3225 SCHNEIDER | D58: =VLOOKUP(A58,'2_MEMÓRIA'!B:D,3,0) -> DISJUNTOR TRIPOLAR CAIXA MOLDADA 225A EZC250N3225 SCHNEIDER | E58: =VLOOKUP(VLOOKUP(A58,'2_MEMÓRIA'!B:L,11,0),'0_critérios'!A:D,4,0) -> COMPOSIÇÃO | F58: =VLOOKUP(A58,'2_MEMÓRIA'!B:N,12,0) -> UN | G58: =VLOOKUP(A58,'2_MEMÓRIA'!B:O,14,0) -> 1 | H58: =VLOOKUP(A58,'2_MEMÓRIA'!B:O,13,0) -> 1637.64 | I58: =TRUNC(H58*G58,2) -> 1637.64
A59: 9 | D59: =VLOOKUP(A59,'2_MEMÓRIA'!B:D,2,0) -> QD - AUDITÓRIO | I59: =IFERROR(SUM(I60:I65),0) -> 9687.35
A60: 9.1 | B60: =VLOOKUP(A60,'2_MEMÓRIA'!B:C,2,0) -> 09-005-014 | C60: =D60 -> QUADRO DE DISTRIBUIÇÃO EM CHAPA METÁLICA - PARA ATÉ 34 DISJUNTORES | D60: =VLOOKUP(A60,'2_MEMÓRIA'!B:D,3,0) -> QUADRO DE DISTRIBUIÇÃO EM CHAPA METÁLICA - PARA ATÉ 34 DISJUNTORES | E60: =VLOOKUP(VLOOKUP(A60,'2_MEMÓRIA'!B:L,11,0),'0_critérios'!A:D,4,0) -> SIURB | F60: =VLOOKUP(A60,'2_MEMÓRIA'!B:N,12,0) -> UN | G60: =VLOOKUP(A60,'2_MEMÓRIA'!B:O,14,0) -> 1 | H60: =VLOOKUP(A60,'2_MEMÓRIA'!B:O,13,0) -> 1559.43 | I60: =TRUNC(H60*G60,2) -> 1559.43
A61: 9.2 | B61: =VLOOKUP(A61,'2_MEMÓRIA'!B:C,2,0) -> 09-006-033 | C61: =D61 -> CHAVE SECCIONADORA ROTATIVA ABERT. SOB CARGA TP (PACCO) - 3X16A | D61: =VLOOKUP(A61,'2_MEMÓRIA'!B:D,3,0) -> CHAVE SECCIONADORA ROTATIVA ABERT. SOB CARGA TP (PACCO) - 3X16A | E61: =VLOOKUP(VLOOKUP(A61,'2_MEMÓRIA'!B:L,11,0),'0_critérios'!A:D,4,0) -> SIURB | F61: =VLOOKUP(A61,'2_MEMÓRIA'!B:N,12,0) -> UN | G61: =VLOOKUP(A61,'2_MEMÓRIA'!B:O,14,0) -> 1 | H61: =VLOOKUP(A61,'2_MEMÓRIA'!B:O,13,0) -> 185.88 | I61: =TRUNC(H61*G61,2) -> 185.88
A62: 9.3 | B62: =VLOOKUP(A62,'2_MEMÓRIA'!B:C,2,0) -> 09-017-001 | C62: =D62 -> DPS - DISPOSITIVO PROTEÇÃO CONTRA SURTOS 275V - 40KA | D62: =VLOOKUP(A62,'2_MEMÓRIA'!B:D,3,0) -> DPS - DISPOSITIVO PROTEÇÃO CONTRA SURTOS 275V - 40KA | E62: =VLOOKUP(VLOOKUP(A62,'2_MEMÓRIA'!B:L,11,0),'0_critérios'!A:D,4,0) -> SIURB | F62: =VLOOKUP(A62,'2_MEMÓRIA'!B:N,12,0) -> UN | G62: =VLOOKUP(A62,'2_MEMÓRIA'!B:O,14,0) -> 4 | H62: =VLOOKUP(A62,'2_MEMÓRIA'!B:O,13,0) -> 250.7 | I62: =TRUNC(H62*G62,2) -> 1002.8
A63: 9.4 | B63: =VLOOKUP(A63,'2_MEMÓRIA'!B:C,2,0) -> 09-004-069 | C63: =D63 -> INTERRUPTOR DIFERENCIAL RESIDUAL BIPOLAR 40A - SENSIBILIDADE 30MA - 220V | D63: =VLOOKUP(A63,'2_MEMÓRIA'!B:D,3,0) -> INTERRUPTOR DIFERENCIAL RESIDUAL BIPOLAR 40A - SENSIBILIDADE 30MA - 220V | E63: =VLOOKUP(VLOOKUP(A63,'2_MEMÓRIA'!B:L,11,0),'0_critérios'!A:D,4,0) -> SIURB | F63: =VLOOKUP(A63,'2_MEMÓRIA'!B:N,12,0) -> UN | G63: =VLOOKUP(A63,'2_MEMÓRIA'!B:O,14,0) -> 3 | H63: =VLOOKUP(A63,'2_MEMÓRIA'!B:O,13,0) -> 350.06 | I63: =TRUNC(H63*G63,2) -> 1050.18
A64: 9.5 | B64: =VLOOKUP(A64,'2_MEMÓRIA'!B:C,2,0) -> 37.11.120 | C64: =D64 -> Base de fusível tripolar de 15 kV | D64: =VLOOKUP(A64,'2_MEMÓRIA'!B:D,3,0) -> Base de fusível tripolar de 15 kV | E64: =VLOOKUP(VLOOKUP(A64,'2_MEMÓRIA'!B:L,11,0),'0_critérios'!A:D,4,0) -> CPOS/CDHU | F64: =VLOOKUP(A64,'2_MEMÓRIA'!B:N,12,0) -> UN | G64: =VLOOKUP(A64,'2_MEMÓRIA'!B:O,14,0) -> 3 | H64: =VLOOKUP(A64,'2_MEMÓRIA'!B:O,13,0) -> 1502.13 | I64: =TRUNC(H64*G64,2) -> 4506.39
A65: 9.6 | B65: =VLOOKUP(A65,'2_MEMÓRIA'!B:C,2,0) -> 09-014-029 | C65: =D65 -> FUSIVEL HH PARA 40A/ 15KV | D65: =VLOOKUP(A65,'2_MEMÓRIA'!B:D,3,0) -> FUSIVEL HH PARA 40A/ 15KV | E65: =VLOOKUP(VLOOKUP(A65,'2_MEMÓRIA'!B:L,11,0),'0_critérios'!A:D,4,0) -> SIURB | F65: =VLOOKUP(A65,'2_MEMÓRIA'!B:N,12,0) -> UN | G65: =VLOOKUP(A65,'2_MEMÓRIA'!B:O,14,0) -> 3 | H65: =VLOOKUP(A65,'2_MEMÓRIA'!B:O,13,0) -> 460.89 | I65: =TRUNC(H65*G65,2) -> 1382.67
A66: 10 | D66: =VLOOKUP(A66,'2_MEMÓRIA'!B:D,2,0) -> QD - CPD | I66: =IFERROR(SUM(I67:I76),0) -> 17499.77
A67: 10.1 | B67: =VLOOKUP(A67,'2_MEMÓRIA'!B:C,2,0) -> 09-005-014 | C67: =D67 -> QUADRO DE DISTRIBUIÇÃO EM CHAPA METÁLICA - PARA ATÉ 34 DISJUNTORES | D67: =VLOOKUP(A67,'2_MEMÓRIA'!B:D,3,0) -> QUADRO DE DISTRIBUIÇÃO EM CHAPA METÁLICA - PARA ATÉ 34 DISJUNTORES | E67: =VLOOKUP(VLOOKUP(A67,'2_MEMÓRIA'!B:L,11,0),'0_critérios'!A:D,4,0) -> SIURB | F67: =VLOOKUP(A67,'2_MEMÓRIA'!B:N,12,0) -> UN | G67: =VLOOKUP(A67,'2_MEMÓRIA'!B:O,14,0) -> 5 | H67: =VLOOKUP(A67,'2_MEMÓRIA'!B:O,13,0) -> 1559.43 | I67: =TRUNC(H67*G67,2) -> 7797.15
A68: 10.2 | B68: =VLOOKUP(A68,'2_MEMÓRIA'!B:C,2,0) -> 37.11.120 | C68: =D68 -> Base de fusível tripolar de 15 kV | D68: =VLOOKUP(A68,'2_MEMÓRIA'!B:D,3,0) -> Base de fusível tripolar de 15 kV | E68: =VLOOKUP(VLOOKUP(A68,'2_MEMÓRIA'!B:L,11,0),'0_critérios'!A:D,4,0) -> CPOS/CDHU | F68: =VLOOKUP(A68,'2_MEMÓRIA'!B:N,12,0) -> UN | G68: =VLOOKUP(A68,'2_MEMÓRIA'!B:O,14,0) -> 3 | H68: =VLOOKUP(A68,'2_MEMÓRIA'!B:O,13,0) -> 1502.13 | I68: =TRUNC(H68*G68,2) -> 4506.39
A69: 10.3 | B69: =VLOOKUP(A69,'2_MEMÓRIA'!B:C,2,0) -> 09-014-029 | C69: =D69 -> FUSIVEL HH PARA 40A/ 15KV | D69: =VLOOKUP(A69,'2_MEMÓRIA'!B:D,3,0) -> FUSIVEL HH PARA 40A/ 15KV | E69: =VLOOKUP(VLOOKUP(A69,'2_MEMÓRIA'!B:L,11,0),'0_critérios'!A:D,4,0) -> SIURB | F69: =VLOOKUP(A69,'2_MEMÓRIA'!B:N,12,0) -> UN | G69: =VLOOKUP(A69,'2_MEMÓRIA'!B:O,14,0) -> 3 | H69: =VLOOKUP(A69,'2_MEMÓRIA'!B:O,13,0) -> 460.89 | I69: =TRUNC(H69*G69,2) -> 1382.67
A70: 10.4 | B70: =VLOOKUP(A70,'2_MEMÓRIA'!B:C,2,0) -> 09-017-001 | C70: =D70 -> DPS - DISPOSITIVO PROTEÇÃO CONTRA SURTOS 275V - 40KA | D70: =VLOOKUP(A70,'2_MEMÓRIA'!B:D,3,0) -> DPS - DISPOSITIVO PROTEÇÃO CONTRA SURTOS 275V - 40KA | E70: =VLOOKUP(VLOOKUP(A70,'2_MEMÓRIA'!B:L,11,0),'0_critérios'!A:D,4,0) -> SIURB | F70: =VLOOKUP(A70,'2_MEMÓRIA'!B:N,12,0) -> UN | G70: =VLOOKUP(A70,'2_MEMÓRIA'!B:O,14,0) -> 2 | H70: =VLOOKUP(A70,'2_MEMÓRIA'!B:O,13,0) -> 250.7 | I70: =TRUNC(H70*G70,2) -> 501.4
A71: 10.5 | B71: =VLOOKUP(A71,'2_MEMÓRIA'!B:C,2,0) -> 09-008-017 | C71: =D71 -> MINI DISJUNTOR - TIPO EUROPEU (IEC) - TRIPOLAR 80A | D71: =VLOOKUP(A71,'2_MEMÓRIA'!B:D,3,0) -> MINI DISJUNTOR - TIPO EUROPEU (IEC) - TRIPOLAR 80A | E71: =VLOOKUP(VLOOKUP(A71,'2_MEMÓRIA'!B:L,11,0),'0_critérios'!A:D,4,0) -> SIURB | F71: =VLOOKUP(A71,'2_MEMÓRIA'!B:N,12,0) -> UN | G71: =VLOOKUP(A71,'2_MEMÓRIA'!B:O,14,0) -> 2 | H71: =VLOOKUP(A71,'2_MEMÓRIA'!B:O,13,0) -> 232.52 | I71: =TRUNC(H71*G71,2) -> 465.04
A72: 10.6 | B72: =VLOOKUP(A72,'2_MEMÓRIA'!B:C,2,0) -> 09-008-014 | C72: =D72 -> MINI DISJUNTOR - TIPO EUROPEU (IEC) - TRIPOLAR 6/25A | D72: =VLOOKUP(A72,'2_MEMÓRIA'!B:D,3,0) -> MINI DISJUNTOR - TIPO EUROPEU (IEC) - TRIPOLAR 6/25A | E72: =VLOOKUP(VLOOKUP(A72,'2_MEMÓRIA'!B:L,11,0),'0_critérios'!A:D,4,0) -> SIURB | F72: =VLOOKUP(A72,'2_MEMÓRIA'!B:N,12,0) -> UN | G72: =VLOOKUP(A72,'2_MEMÓRIA'!B:O,14,0) -> 1 | H72: =VLOOKUP(A72,'2_MEMÓRIA'!B:O,13,0) -> 114.47 | I72: =TRUNC(H72*G72,2) -> 114.47
A73: 10.7 | B73: =VLOOKUP(A73,'2_MEMÓRIA'!B:C,2,0) -> 09-008-015 | C73: =D73 -> MINI DISJUNTOR - TIPO EUROPEU (IEC) - TRIPOLAR 32/50A | D73: =VLOOKUP(A73,'2_MEMÓRIA'!B:D,3,0) -> MINI DISJUNTOR - TIPO EUROPEU (IEC) - TRIPOLAR 32/50A | E73: =VLOOKUP(VLOOKUP(A73,'2_MEMÓRIA'!B:L,11,0),'0_critérios'!A:D,4,0) -> SIURB | F73: =VLOOKUP(A73,'2_MEMÓRIA'!B:N,12,0) -> UN | G73: =VLOOKUP(A73,'2_MEMÓRIA'!B:O,14,0) -> 1 | H73: =VLOOKUP(A73,'2_MEMÓRIA'!B:O,13,0) -> 106.96 | I73: =TRUNC(H73*G73,2) -> 106.96
A74: 10.8 | B74: =VLOOKUP(A74,'2_MEMÓRIA'!B:C,2,0) -> 09-008-013 | C74: =D74 -> MINI DISJUNTOR - TIPO EUROPEU (IEC) - BIPOLAR 32/50A | D74: =VLOOKUP(A74,'2_MEMÓRIA'!B:D,3,0) -> MINI DISJUNTOR - TIPO EUROPEU (IEC) - BIPOLAR 32/50A | E74: =VLOOKUP(VLOOKUP(A74,'2_MEMÓRIA'!B:L,11,0),'0_critérios'!A:D,4,0) -> SIURB | F74: =VLOOKUP(A74,'2_MEMÓRIA'!B:N,12,0) -> UN | G74: =VLOOKUP(A74,'2_MEMÓRIA'!B:O,14,0) -> 4 | H74: =VLOOKUP(A74,'2_MEMÓRIA'!B:O,13,0) -> 75.76 | I74: =TRUNC(H74*G74,2) -> 303.04
A75: 10.9 | B75: =VLOOKUP(A75,'2_MEMÓRIA'!B:C,2,0) -> 09-004-069 | C75: =D75 -> INTERRUPTOR DIFERENCIAL RESIDUAL BIPOLAR 40A - SENSIBILIDADE 30MA - 220V | D75: =VLOOKUP(A75,'2_MEMÓRIA'!B:D,3,0) -> INTERRUPTOR DIFERENCIAL RESIDUAL BIPOLAR 40A - SENSIBILIDADE 30MA - 220V | E75: =VLOOKUP(VLOOKUP(A75,'2_MEMÓRIA'!B:L,11,0),'0_critérios'!A:D,4,0) -> SIURB | F75: =VLOOKUP(A75,'2_MEMÓRIA'!B:N,12,0) -> UN | G75: =VLOOKUP(A75,'2_MEMÓRIA'!B:O,14,0) -> 5 | H75: =VLOOKUP(A75,'2_MEMÓRIA'!B:O,13,0) -> 350.06 | I75: =TRUNC(H75*G75,2) -> 1750.3
A76: 10.10 | B76: =VLOOKUP(A76,'2_MEMÓRIA'!B:C,2,0) -> 09-008-014 | C76: =D76 -> MINI DISJUNTOR - TIPO EUROPEU (IEC) - TRIPOLAR 6/25A | D76: =VLOOKUP(A76,'2_MEMÓRIA'!B:D,3,0) -> MINI DISJUNTOR - TIPO EUROPEU (IEC) - TRIPOLAR 6/25A | E76: =VLOOKUP(VLOOKUP(A76,'2_MEMÓRIA'!B:L,11,0),'0_critérios'!A:D,4,0) -> SIURB | F76: =VLOOKUP(A76,'2_MEMÓRIA'!B:N,12,0) -> UN | G76: =VLOOKUP(A76,'2_MEMÓRIA'!B:O,14,0) -> 5 | H76: =VLOOKUP(A76,'2_MEMÓRIA'!B:O,13,0) -> 114.47 | I76: =TRUNC(H76*G76,2) -> 572.35
A77: 11 | D77: =VLOOKUP(A77,'2_MEMÓRIA'!B:D,2,0) -> QD - ILUMINAÇÃO E TOMADAS - ÁREAS INTERNAS E EXTERNAS | I77: =IFERROR(SUM(I78:I84),0) -> 13587.42
A78: 11.1 | B78: =VLOOKUP(A78,'2_MEMÓRIA'!B:C,2,0) -> 09-005-014 | C78: =D78 -> QUADRO DE DISTRIBUIÇÃO EM CHAPA METÁLICA - PARA ATÉ 34 DISJUNTORES | D78: =VLOOKUP(A78,'2_MEMÓRIA'!B:D,3,0) -> QUADRO DE DISTRIBUIÇÃO EM CHAPA METÁLICA - PARA ATÉ 34 DISJUNTORES | E78: =VLOOKUP(VLOOKUP(A78,'2_MEMÓRIA'!B:L,11,0),'0_critérios'!A:D,4,0) -> SIURB | F78: =VLOOKUP(A78,'2_MEMÓRIA'!B:N,12,0) -> UN | G78: =VLOOKUP(A78,'2_MEMÓRIA'!B:O,14,0) -> 1 | H78: =VLOOKUP(A78,'2_MEMÓRIA'!B:O,13,0) -> 1559.43 | I78: =TRUNC(H78*G78,2) -> 1559.43
A79: 11.2 | B79: =VLOOKUP(A79,'2_MEMÓRIA'!B:C,2,0) -> 09-006-033 | C79: =D79 -> CHAVE SECCIONADORA ROTATIVA ABERT. SOB CARGA TP (PACCO) - 3X16A | D79: =VLOOKUP(A79,'2_MEMÓRIA'!B:D,3,0) -> CHAVE SECCIONADORA ROTATIVA ABERT. SOB CARGA TP (PACCO) - 3X16A | E79: =VLOOKUP(VLOOKUP(A79,'2_MEMÓRIA'!B:L,11,0),'0_critérios'!A:D,4,0) -> SIURB | F79: =VLOOKUP(A79,'2_MEMÓRIA'!B:N,12,0) -> UN | G79: =VLOOKUP(A79,'2_MEMÓRIA'!B:O,14,0) -> 1 | H79: =VLOOKUP(A79,'2_MEMÓRIA'!B:O,13,0) -> 185.88 | I79: =TRUNC(H79*G79,2) -> 185.88
A80: 11.3 | B80: =VLOOKUP(A80,'2_MEMÓRIA'!B:C,2,0) -> 37.11.120 | C80: =D80 -> Base de fusível tripolar de 15 kV | D80: =VLOOKUP(A80,'2_MEMÓRIA'!B:D,3,0) -> Base de fusível tripolar de 15 kV | E80: =VLOOKUP(VLOOKUP(A80,'2_MEMÓRIA'!B:L,11,0),'0_critérios'!A:D,4,0) -> CPOS/CDHU | F80: =VLOOKUP(A80,'2_MEMÓRIA'!B:N,12,0) -> UN | G80: =VLOOKUP(A80,'2_MEMÓRIA'!B:O,14,0) -> 3 | H80: =VLOOKUP(A80,'2_MEMÓRIA'!B:O,13,0) -> 1502.13 | I80: =TRUNC(H80*G80,2) -> 4506.39
A81: 11.4 | B81: =VLOOKUP(A81,'2_MEMÓRIA'!B:C,2,0) -> 09-014-029 | C81: =D81 -> FUSIVEL HH PARA 40A/ 15KV | D81: =VLOOKUP(A81,'2_MEMÓRIA'!B:D,3,0) -> FUSIVEL HH PARA 40A/ 15KV | E81: =VLOOKUP(VLOOKUP(A81,'2_MEMÓRIA'!B:L,11,0),'0_critérios'!A:D,4,0) -> SIURB | F81: =VLOOKUP(A81,'2_MEMÓRIA'!B:N,12,0) -> UN | G81: =VLOOKUP(A81,'2_MEMÓRIA'!B:O,14,0) -> 3 | H81: =VLOOKUP(A81,'2_MEMÓRIA'!B:O,13,0) -> 460.89 | I81: =TRUNC(H81*G81,2) -> 1382.67
A82: 11.5 | B82: =VLOOKUP(A82,'2_MEMÓRIA'!B:C,2,0) -> 09-008-014 | C82: =D82 -> MINI DISJUNTOR - TIPO EUROPEU (IEC) - TRIPOLAR 6/25A | D82: =VLOOKUP(A82,'2_MEMÓRIA'!B:D,3,0) -> MINI DISJUNTOR - TIPO EUROPEU (IEC) - TRIPOLAR 6/25A | E82: =VLOOKUP(VLOOKUP(A82,'2_MEMÓRIA'!B:L,11,0),'0_critérios'!A:D,4,0) -> SIURB | F82: =VLOOKUP(A82,'2_MEMÓRIA'!B:N,12,0) -> UN | G82: =VLOOKUP(A82,'2_MEMÓRIA'!B:O,14,0) -> 17 | H82: =VLOOKUP(A82,'2_MEMÓRIA'!B:O,13,0) -> 114.47 | I82: =TRUNC(H82*G82,2) -> 1945.99
A83: 11.6 | B83: =VLOOKUP(A83,'2_MEMÓRIA'!B:C,2,0) -> 09-017-001 | C83: =D83 -> DPS - DISPOSITIVO PROTEÇÃO CONTRA SURTOS 275V - 40KA | D83: =VLOOKUP(A83,'2_MEMÓRIA'!B:D,3,0) -> DPS - DISPOSITIVO PROTEÇÃO CONTRA SURTOS 275V - 40KA | E83: =VLOOKUP(VLOOKUP(A83,'2_MEMÓRIA'!B:L,11,0),'0_critérios'!A:D,4,0) -> SIURB | F83: =VLOOKUP(A83,'2_MEMÓRIA'!B:N,12,0) -> UN | G83: =VLOOKUP(A83,'2_MEMÓRIA'!B:O,14,0) -> 4 | H83: =VLOOKUP(A83,'2_MEMÓRIA'!B:O,13,0) -> 250.7 | I83: =TRUNC(H83*G83,2) -> 1002.8
A84: 11.7 | B84: =VLOOKUP(A84,'2_MEMÓRIA'!B:C,2,0) -> 40.11.070 | C84: =D84 -> Relé supervisor trifásico contra falta de fase, inversão de fase e mínima tensão | D84: =VLOOKUP(A84,'2_MEMÓRIA'!B:D,3,0) -> Relé supervisor trifásico contra falta de fase, inversão de fase e mínima tensão | E84: =VLOOKUP(VLOOKUP(A84,'2_MEMÓRIA'!B:L,11,0),'0_critérios'!A:D,4,0) -> CPOS/CDHU | F84: =VLOOKUP(A84,'2_MEMÓRIA'!B:N,12,0) -> UN | G84: =VLOOKUP(A84,'2_MEMÓRIA'!B:O,14,0) -> 2 | H84: =VLOOKUP(A84,'2_MEMÓRIA'!B:O,13,0) -> 1502.13 | I84: =TRUNC(H84*G84,2) -> 3004.26
A85: 12 | D85: =VLOOKUP(A85,'2_MEMÓRIA'!B:D,2,0) -> QD - ADMINISTRAÇÃO | I85: =IFERROR(SUM(I86:I94),0) -> 15514.83
A86: 12.1 | B86: =VLOOKUP(A86,'2_MEMÓRIA'!B:C,2,0) -> 09-005-017 | C86: =D86 -> QUADRO DE DISTRIBUIÇÃO EM CHAPA METÁLICA - PARA ATÉ 44 DISJUNTORES | D86: =VLOOKUP(A86,'2_MEMÓRIA'!B:D,3,0) -> QUADRO DE DISTRIBUIÇÃO EM CHAPA METÁLICA - PARA ATÉ 44 DISJUNTORES | E86: =VLOOKUP(VLOOKUP(A86,'2_MEMÓRIA'!B:L,11,0),'0_critérios'!A:D,4,0) -> SIURB | F86: =VLOOKUP(A86,'2_MEMÓRIA'!B:N,12,0) -> UN | G86: =VLOOKUP(A86,'2_MEMÓRIA'!B:O,14,0) -> 1 | H86: =VLOOKUP(A86,'2_MEMÓRIA'!B:O,13,0) -> 2033.86 | I86: =TRUNC(H86*G86,2) -> 2033.86
A87: 12.2 | B87: =VLOOKUP(A87,'2_MEMÓRIA'!B:C,2,0) -> 09-006-033 | C87: =D87 -> CHAVE SECCIONADORA ROTATIVA ABERT. SOB CARGA TP (PACCO) - 3X16A | D87: =VLOOKUP(A87,'2_MEMÓRIA'!B:D,3,0) -> CHAVE SECCIONADORA ROTATIVA ABERT. SOB CARGA TP (PACCO) - 3X16A | E87: =VLOOKUP(VLOOKUP(A87,'2_MEMÓRIA'!B:L,11,0),'0_critérios'!A:D,4,0) -> SIURB | F87: =VLOOKUP(A87,'2_MEMÓRIA'!B:N,12,0) -> UN | G87: =VLOOKUP(A87,'2_MEMÓRIA'!B:O,14,0) -> 1 | H87: =VLOOKUP(A87,'2_MEMÓRIA'!B:O,13,0) -> 185.88 | I87: =TRUNC(H87*G87,2) -> 185.88
A88: 12.3 | B88: =VLOOKUP(A88,'2_MEMÓRIA'!B:C,2,0) -> 40.11.070 | C88: =D88 -> Relé supervisor trifásico contra falta de fase, inversão de fase e mínima tensão | D88: =VLOOKUP(A88,'2_MEMÓRIA'!B:D,3,0) -> Relé supervisor trifásico contra falta de fase, inversão de fase e mínima tensão | E88: =VLOOKUP(VLOOKUP(A88,'2_MEMÓRIA'!B:L,11,0),'0_critérios'!A:D,4,0) -> CPOS/CDHU | F88: =VLOOKUP(A88,'2_MEMÓRIA'!B:N,12,0) -> UN | G88: =VLOOKUP(A88,'2_MEMÓRIA'!B:O,14,0) -> 2 | H88: =VLOOKUP(A88,'2_MEMÓRIA'!B:O,13,0) -> 1502.13 | I88: =TRUNC(H88*G88,2) -> 3004.26
A89: 12.4 | B89: =VLOOKUP(A89,'2_MEMÓRIA'!B:C,2,0) -> 37.11.120 | C89: =D89 -> Base de fusível tripolar de 15 kV | D89: =VLOOKUP(A89,'2_MEMÓRIA'!B:D,3,0) -> Base de fusível tripolar de 15 kV | E89: =VLOOKUP(VLOOKUP(A89,'2_MEMÓRIA'!B:L,11,0),'0_critérios'!A:D,4,0) -> CPOS/CDHU | F89: =VLOOKUP(A89,'2_MEMÓRIA'!B:N,12,0) -> UN | G89: =VLOOKUP(A89,'2_MEMÓRIA'!B:O,14,0) -> 3 | H89: =VLOOKUP(A89,'2_MEMÓRIA'!B:O,13,0) -> 1502.13 | I89: =TRUNC(H89*G89,2) -> 4506.39
A90: 12.5 | B90: =VLOOKUP(A90,'2_MEMÓRIA'!B:C,2,0) -> 09-014-029 | C90: =D90 -> FUSIVEL HH PARA 40A/ 15KV | D90: =VLOOKUP(A90,'2_MEMÓRIA'!B:D,3,0) -> FUSIVEL HH PARA 40A/ 15KV | E90: =VLOOKUP(VLOOKUP(A90,'2_MEMÓRIA'!B:L,11,0),'0_critérios'!A:D,4,0) -> SIURB | F90: =VLOOKUP(A90,'2_MEMÓRIA'!B:N,12,0) -> UN | G90: =VLOOKUP(A90,'2_MEMÓRIA'!B:O,14,0) -> 3 | H90: =VLOOKUP(A90,'2_MEMÓRIA'!B:O,13,0) -> 460.89 | I90: =TRUNC(H90*G90,2) -> 1382.67
A91: 12.6 | B91: =VLOOKUP(A91,'2_MEMÓRIA'!B:C,2,0) -> 09-017-001 | C91: =D91 -> DPS - DISPOSITIVO PROTEÇÃO CONTRA SURTOS 275V - 40KA | D91: =VLOOKUP(A91,'2_MEMÓRIA'!B:D,3,0) -> DPS - DISPOSITIVO PROTEÇÃO CONTRA SURTOS 275V - 40KA | E91: =VLOOKUP(VLOOKUP(A91,'2_MEMÓRIA'!B:L,11,0),'0_critérios'!A:D,4,0) -> SIURB | F91: =VLOOKUP(A91,'2_MEMÓRIA'!B:N,12,0) -> UN | G91: =VLOOKUP(A91,'2_MEMÓRIA'!B:O,14,0) -> 4 | H91: =VLOOKUP(A91,'2_MEMÓRIA'!B:O,13,0) -> 250.7 | I91: =TRUNC(H91*G91,2) -> 1002.8
A92: 12.7 | B92: =VLOOKUP(A92,'2_MEMÓRIA'!B:C,2,0) -> 09-008-017 | C92: =D92 -> MINI DISJUNTOR - TIPO EUROPEU (IEC) - TRIPOLAR 80A | D92: =VLOOKUP(A92,'2_MEMÓRIA'!B:D,3,0) -> MINI DISJUNTOR - TIPO EUROPEU (IEC) - TRIPOLAR 80A | E92: =VLOOKUP(VLOOKUP(A92,'2_MEMÓRIA'!B:L,11,0),'0_critérios'!A:D,4,0) -> SIURB | F92: =VLOOKUP(A92,'2_MEMÓRIA'!B:N,12,0) -> UN | G92: =VLOOKUP(A92,'2_MEMÓRIA'!B:O,14,0) -> 1 | H92: =VLOOKUP(A92,'2_MEMÓRIA'!B:O,13,0) -> 232.52 | I92: =TRUNC(H92*G92,2) -> 232.52
A93: 12.8 | B93: =VLOOKUP(A93,'2_MEMÓRIA'!B:C,2,0) -> 09-008-014 | C93: =D93 -> MINI DISJUNTOR - TIPO EUROPEU (IEC) - TRIPOLAR 6/25A | D93: =VLOOKUP(A93,'2_MEMÓRIA'!B:D,3,0) -> MINI DISJUNTOR - TIPO EUROPEU (IEC) - TRIPOLAR 6/25A | E93: =VLOOKUP(VLOOKUP(A93,'2_MEMÓRIA'!B:L,11,0),'0_critérios'!A:D,4,0) -> SIURB | F93: =VLOOKUP(A93,'2_MEMÓRIA'!B:N,12,0) -> UN | G93: =VLOOKUP(A93,'2_MEMÓRIA'!B:O,14,0) -> 27 | H93: =VLOOKUP(A93,'2_MEMÓRIA'!B:O,13,0) -> 114.47 | I93: =TRUNC(H93*G93,2) -> 3090.69
A94: 12.9 | B94: =VLOOKUP(A94,'2_MEMÓRIA'!B:C,2,0) -> 09-008-013 | C94: =D94 -> MINI DISJUNTOR - TIPO EUROPEU (IEC) - BIPOLAR 32/50A | D94: =VLOOKUP(A94,'2_MEMÓRIA'!B:D,3,0) -> MINI DISJUNTOR - TIPO EUROPEU (IEC) - BIPOLAR 32/50A | E94: =VLOOKUP(VLOOKUP(A94,'2_MEMÓRIA'!B:L,11,0),'0_critérios'!A:D,4,0) -> SIURB | F94: =VLOOKUP(A94,'2_MEMÓRIA'!B:N,12,0) -> UN | G94: =VLOOKUP(A94,'2_MEMÓRIA'!B:O,14,0) -> 1 | H94: =VLOOKUP(A94,'2_MEMÓRIA'!B:O,13,0) -> 75.76 | I94: =TRUNC(H94*G94,2) -> 75.76
A95: 13 | D95: =VLOOKUP(A95,'2_MEMÓRIA'!B:D,2,0) -> QD - CET | I95: =IFERROR(SUM(I96:I104),0) -> 14353.58
A96: 13.1 | B96: =VLOOKUP(A96,'2_MEMÓRIA'!B:C,2,0) -> 09-005-014 | C96: =D96 -> QUADRO DE DISTRIBUIÇÃO EM CHAPA METÁLICA - PARA ATÉ 34 DISJUNTORES | D96: =VLOOKUP(A96,'2_MEMÓRIA'!B:D,3,0) -> QUADRO DE DISTRIBUIÇÃO EM CHAPA METÁLICA - PARA ATÉ 34 DISJUNTORES | E96: =VLOOKUP(VLOOKUP(A96,'2_MEMÓRIA'!B:L,11,0),'0_critérios'!A:D,4,0) -> SIURB | F96: =VLOOKUP(A96,'2_MEMÓRIA'!B:N,12,0) -> UN | G96: =VLOOKUP(A96,'2_MEMÓRIA'!B:O,14,0) -> 1 | H96: =VLOOKUP(A96,'2_MEMÓRIA'!B:O,13,0) -> 1559.43 | I96: =TRUNC(H96*G96,2) -> 1559.43
A97: 13.2 | B97: =VLOOKUP(A97,'2_MEMÓRIA'!B:C,2,0) -> 09-006-033 | C97: =D97 -> CHAVE SECCIONADORA ROTATIVA ABERT. SOB CARGA TP (PACCO) - 3X16A | D97: =VLOOKUP(A97,'2_MEMÓRIA'!B:D,3,0) -> CHAVE SECCIONADORA ROTATIVA ABERT. SOB CARGA TP (PACCO) - 3X16A | E97: =VLOOKUP(VLOOKUP(A97,'2_MEMÓRIA'!B:L,11,0),'0_critérios'!A:D,4,0) -> SIURB | F97: =VLOOKUP(A97,'2_MEMÓRIA'!B:N,12,0) -> UN | G97: =VLOOKUP(A97,'2_MEMÓRIA'!B:O,14,0) -> 1 | H97: =VLOOKUP(A97,'2_MEMÓRIA'!B:O,13,0) -> 185.88 | I97: =TRUNC(H97*G97,2) -> 185.88
A98: 13.3 | B98: =VLOOKUP(A98,'2_MEMÓRIA'!B:C,2,0) -> 40.11.070 | C98: =D98 -> Relé supervisor trifásico contra falta de fase, inversão de fase e mínima tensão | D98: =VLOOKUP(A98,'2_MEMÓRIA'!B:D,3,0) -> Relé supervisor trifásico contra falta de fase, inversão de fase e mínima tensão | E98: =VLOOKUP(VLOOKUP(A98,'2_MEMÓRIA'!B:L,11,0),'0_critérios'!A:D,4,0) -> CPOS/CDHU | F98: =VLOOKUP(A98,'2_MEMÓRIA'!B:N,12,0) -> UN | G98: =VLOOKUP(A98,'2_MEMÓRIA'!B:O,14,0) -> 2 | H98: =VLOOKUP(A98,'2_MEMÓRIA'!B:O,13,0) -> 1502.13 | I98: =TRUNC(H98*G98,2) -> 3004.26
A99: 13.4 | B99: =VLOOKUP(A99,'2_MEMÓRIA'!B:C,2,0) -> 37.11.120 | C99: =D99 -> Base de fusível tripolar de 15 kV | D99: =VLOOKUP(A99,'2_MEMÓRIA'!B:D,3,0) -> Base de fusível tripolar de 15 kV | E99: =VLOOKUP(VLOOKUP(A99,'2_MEMÓRIA'!B:L,11,0),'0_critérios'!A:D,4,0) -> CPOS/CDHU | F99: =VLOOKUP(A99,'2_MEMÓRIA'!B:N,12,0) -> UN | G99: =VLOOKUP(A99,'2_MEMÓRIA'!B:O,14,0) -> 3 | H99: =VLOOKUP(A99,'2_MEMÓRIA'!B:O,13,0) -> 1502.13 | I99: =TRUNC(H99*G99,2) -> 4506.39
A100: 13.5 | B100: =VLOOKUP(A100,'2_MEMÓRIA'!B:C,2,0) -> 09-014-029 | C100: =D100 -> FUSIVEL HH PARA 40A/ 15KV | D100: =VLOOKUP(A100,'2_MEMÓRIA'!B:D,3,0) -> FUSIVEL HH PARA 40A/ 15KV | E100: =VLOOKUP(VLOOKUP(A100,'2_MEMÓRIA'!B:L,11,0),'0_critérios'!A:D,4,0) -> SIURB | F100: =VLOOKUP(A100,'2_MEMÓRIA'!B:N,12,0) -> UN | G100: =VLOOKUP(A100,'2_MEMÓRIA'!B:O,14,0) -> 3 | H100: =VLOOKUP(A100,'2_MEMÓRIA'!B:O,13,0) -> 460.89 | I100: =TRUNC(H100*G100,2) -> 1382.67
...

Sheet 2_MEMÓRIA
B1: MEMÓRIA DE CALCULO
B2: ITEM | C2: CÓDIGO | L2: FONTE | M2: UNID | N2: PREÇO UNIT. | O2: QUANT
B4: 1 | C4: EQUIPE TÉCNICA
B6: 1.1 | C6: 20-003-002 | D6: =IFERROR(__xludf.DUMMYFUNCTION("VLOOKUP(C6,IMPORTRANGE('0_critérios'!$C$3,'0_critérios'!$B$3),2,0)"),"ENGENHEIRO/ ARQUITETO SÊNIOR") -> ENGENHEIRO/ ARQUITETO SÊNIOR | L6: ='0_critérios'!$A$3 -> SIURB-EDIF-UNIT-JAN/26 | M6: =IFERROR(__xludf.DUMMYFUNCTION("VLOOKUP(C6,IMPORTRANGE('0_critérios'!$C$3,'0_critérios'!$B$3),3,0)"),"H") -> H | N6: =IFERROR(__xludf.DUMMYFUNCTION("VLOOKUP(C6,IMPORTRANGE('0_critérios'!$C$3,'0_critérios'!$B$3),4,0)"),322.26) -> 322.26 | O6: =TRUNC(IF(E8>0,E8,IF(J8<>"-",J8,IF(I8>0,I8,""))),2) -> 480
D7: Local | E7: UN | F7: COMPR.(M) | G7: LARG.(M) | H7: ALT.(M) | I7: ÁREA (M2) | J7: VOLUME (M³) | K7: OBSERVAÇÕES
E8: 480 | I8: =IF(J8<>"-","-",IF(F8*G8=0,"-",TRUNC(F8*G8,2))) -> - | J8: =IF(F8*G8*H8=0,"-",TRUNC(F8*G8*H8,2)) -> -
B10: 1.2 | C10: 100309 | D10: =IFERROR(__xludf.DUMMYFUNCTION("VLOOKUP(C10,IMPORTRANGE('0_critérios'!$C$7,'0_critérios'!$B$7),2,0)"),"TÉCNICO EM SEGURANÇA DO TRABALHO COM ENCARGOS COMPLEMENTARES") -> TÉCNICO EM SEGURANÇA DO TRABALHO COM ENCARGOS COMPLEMENTARES | L10: ='0_critérios'!$A$7 -> SINAPI-SINT-ABR/26 | M10: =IFERROR(__xludf.DUMMYFUNCTION("VLOOKUP(C10,IMPORTRANGE('0_critérios'!$C$7,'0_critérios'!$B$7),3,0)"),"H") -> H | N10: =IFERROR(__xludf.DUMMYFUNCTION("VLOOKUP(C10,IMPORTRANGE('0_critérios'!$C$7,'0_critérios'!$B$7),4,0)"),76.12) -> 76.12 | O10: =TRUNC(IF(E12>0,E12,IF(J12<>"-",J12,IF(I12>0,I12,""))),2) -> 240
D11: Local | E11: UN | F11: COMPR.(m) | G11: LARG.(m) | H11: ALT.(m) | I11: ÁREA (m²) | J11: VOLUME (m³) | K11: OBSERVAÇÕES
E12: 240 | I12: =IF(J12<>"-","-",IF(F12*G12=0,"-",TRUNC(F12*G12,2))) -> - | J12: =IF(F12*G12*H12=0,"-",TRUNC(F12*G12*H12,2)) -> -
B14: 1.3 | C14: 100533 | D14: =IFERROR(__xludf.DUMMYFUNCTION("VLOOKUP(C14,IMPORTRANGE('0_critérios'!$C$7,'0_critérios'!$B$7),2,0)"),"TECNICO DE EDIFICACOES COM ENCARGOS COMPLEMENTARES") -> TECNICO DE EDIFICACOES COM ENCARGOS COMPLEMENTARES | L14: ='0_critérios'!$A$7 -> SINAPI-SINT-ABR/26 | M14: =IFERROR(__xludf.DUMMYFUNCTION("VLOOKUP(C14,IMPORTRANGE('0_critérios'!$C$7,'0_critérios'!$B$7),3,0)"),"H") -> H | N14: =IFERROR(__xludf.DUMMYFUNCTION("VLOOKUP(C14,IMPORTRANGE('0_critérios'!$C$7,'0_critérios'!$B$7),4,0)"),67.76) -> 67.76 | O14: =TRUNC(IF(E16>0,E16,IF(J16<>"-",J16,IF(I16>0,I16,""))),2) -> 240
D15: Local | E15: UN | F15: COMPR.(m) | G15: LARG.(m) | H15: ALT.(m) | I15: ÁREA (m²) | J15: VOLUME (m³) | K15: OBSERVAÇÕES
E16: 240 | I16: =IF(J16<>"-","-",IF(F16*G16=0,"-",TRUNC(F16*G16,2))) -> - | J16: =IF(F16*G16*H16=0,"-",TRUNC(F16*G16*H16,2)) -> -
B18: 1.4 | C18: 12-004-000 | D18: =IFERROR(__xludf.DUMMYFUNCTION("VLOOKUP(C18,IMPORTRANGE('0_critérios'!$C$5,'0_critérios'!$B$5),2,0)"),"ELETRICISTA") -> ELETRICISTA | L18: ='0_critérios'!$A$5 -> SIURB-INFRA-UNIT-JAN/26 | M18: =IFERROR(__xludf.DUMMYFUNCTION("VLOOKUP(C18,IMPORTRANGE('0_critérios'!$C$5,'0_critérios'!$B$5),3,0)"),"H") -> H | N18: =IFERROR(__xludf.DUMMYFUNCTION("VLOOKUP(C18,IMPORTRANGE('0_critérios'!$C$5,'0_critérios'!$B$5),4,0)"),33.91) -> 33.91 | O18: =TRUNC(IF(E20>0,E20,IF(J20<>"-",J20,IF(I20>0,I20,""))),2) -> 480
D19: Local | E19: UN | F19: COMPR.(M) | G19: LARG.(M) | H19: ALT.(M) | I19: ÁREA (M2) | J19: VOLUME (M³) | K19: OBSERVAÇÕES
E20: 480 | I20: =IF(J20<>"-","-",IF(F20*G20=0,"-",TRUNC(F20*G20,2))) -> - | J20: =IF(F20*G20*H20=0,"-",TRUNC(F20*G20*H20,2)) -> -
B22: 1.5 | C22: 03-041-000 | D22: =IFERROR(__xludf.DUMMYFUNCTION("VLOOKUP(C22,IMPORTRANGE('0_critérios'!$C$5,'0_critérios'!$B$5),2,0)"),"AJUDANTE GERAL") -> AJUDANTE GERAL | L22: ='0_critérios'!$A$5 -> SIURB-INFRA-UNIT-JAN/26 | M22: =IFERROR(__xludf.DUMMYFUNCTION("VLOOKUP(C22,IMPORTRANGE('0_critérios'!$C$5,'0_critérios'!$B$5),3,0)"),"H") -> H | N22: =IFERROR(__xludf.DUMMYFUNCTION("VLOOKUP(C22,IMPORTRANGE('0_critérios'!$C$5,'0_critérios'!$B$5),4,0)"),24.5) -> 24.5 | O22: =TRUNC(IF(E24>0,E24,IF(J24<>"-",J24,IF(I24>0,I24,""))),2) -> 480
D23: Local | E23: UN | F23: COMPR.(M) | G23: LARG.(M) | H23: ALT.(M) | I23: ÁREA (M2) | J23: VOLUME (M³) | K23: OBSERVAÇÕES
E24: 480 | I24: =IF(J24<>"-","-",IF(F24*G24=0,"-",TRUNC(F24*G24,2))) -> - | J24: =IF(F24*G24*H24=0,"-",TRUNC(F24*G24*H24,2)) -> -
B26: 2 | C26: PROJETOS
B28: 2.1 | C28: 20-003-061 | D28: =IFERROR(__xludf.DUMMYFUNCTION("VLOOKUP(C28,IMPORTRANGE('0_critérios'!$C$3,'0_critérios'!$B$3),2,0)"),"PROJETO EXECUTIVO (PRANCHA A1)") -> PROJETO EXECUTIVO (PRANCHA A1) | L28: ='0_critérios'!$A$3 -> SIURB-EDIF-UNIT-JAN/26 | M28: =IFERROR(__xludf.DUMMYFUNCTION("VLOOKUP(C28,IMPORTRANGE('0_critérios'!$C$3,'0_critérios'!$B$3),3,0)"),"UN") -> UN | N28: =IFERROR(__xludf.DUMMYFUNCTION("VLOOKUP(C28,IMPORTRANGE('0_critérios'!$C$3,'0_critérios'!$B$3),4,0)"),4003.86) -> 4003.86 | O28: =TRUNC(IF(E30>0,E30,IF(J30<>"-",J30,IF(I30>0,I30,""))),2) -> 15
D29: Local | E29: UN | F29: COMPR.(M) | G29: LARG.(M) | H29: ALT.(M) | I29: ÁREA (M2) | J29: VOLUME (M³) | K29: OBSERVAÇÕES
E30: 15 | I30: =IF(J30<>"-","-",IF(F30*G30=0,"-",TRUNC(F30*G30,2))) -> - | J30: =IF(F30*G30*H30=0,"-",TRUNC(F30*G30*H30,2)) -> - | K30: Projeto Executivo e As Built
B32: 3 | C32: INSTALAÇÕES ELÉTRICAS - CABOS E INFRAESTRUTURA
B34: 3.1 | C34: 09-084-002 | D34: =IFERROR(__xludf.DUMMYFUNCTION("VLOOKUP(C34,IMPORTRANGE('0_critérios'!$C$3,'0_critérios'!$B$3),2,0)"),"BUCHA E ARRUELA RÍGIDA PESADA EM ZAMAK - 3/4""") -> BUCHA E ARRUELA RÍGIDA PESADA EM ZAMAK - 3/4" | L34: ='0_critérios'!$A$3 -> SIURB-EDIF-UNIT-JAN/26 | M34: =IFERROR(__xludf.DUMMYFUNCTION("VLOOKUP(C34,IMPORTRANGE('0_critérios'!$C$3,'0_critérios'!$B$3),3,0)"),"UN") -> UN | N34: =IFERROR(__xludf.DUMMYFUNCTION("VLOOKUP(C34,IMPORTRANGE('0_critérios'!$C$3,'0_critérios'!$B$3),4,0)"),12.81) -> 12.81 | O34: =TRUNC(IF(E36>0,E36,IF(J36<>"-",J36,IF(I36>0,I36,""))),2) -> 619
D35: Local | E35: UN | F35: COMPR.(M) | G35: LARG.(M) | H35: ALT.(M) | I35: ÁREA (M2) | J35: VOLUME (M³) | K35: OBSERVAÇÕES
E36: 619 | I36: =IF(J36<>"-","-",IF(F36*G36=0,"-",TRUNC(F36*G36,2))) -> - | J36: =IF(F36*G36*H36=0,"-",TRUNC(F36*G36*H36,2)) -> -
B38: 3.2 | C38: 09-003-105 | D38: =IFERROR(__xludf.DUMMYFUNCTION("VLOOKUP(C38,IMPORTRANGE('0_critérios'!$C$3,'0_critérios'!$B$3),2,0)"),"CABO DE COBRE 6MM2 - ISOLAMENTO PARA 0,6/1KV - CLASSE 5 - FLEXÍVEL - ISOLAÇÃO EM EPR 90 C") -> CABO DE COBRE 6MM2 - ISOLAMENTO PARA 0,6/1KV - CLASSE 5 - FLEXÍVEL - ISOLAÇÃO EM EPR 90 C | L38: ='0_critérios'!$A$3 -> SIURB-EDIF-UNIT-JAN/26 | M38: =IFERROR(__xludf.DUMMYFUNCTION("VLOOKUP(C38,IMPORTRANGE('0_critérios'!$C$3,'0_critérios'!$B$3),3,0)"),"M") -> M | N38: =IFERROR(__xludf.DUMMYFUNCTION("VLOOKUP(C38,IMPORTRANGE('0_critérios'!$C$3,'0_critérios'!$B$3),4,0)"),10.44) -> 10.44 | O38: =TRUNC(IF(E40>0,E40,IF(J40<>"-",J40,IF(I40>0,I40,""))),2) -> 21047
D39: Local | E39: UN | F39: COMPR.(M) | G39: LARG.(M) | H39: ALT.(M) | I39: ÁREA (M2) | J39: VOLUME (M³) | K39: OBSERVAÇÕES
E40: 21047 | I40: =IF(J40<>"-","-",IF(F40*G40=0,"-",TRUNC(F40*G40,2))) -> - | J40: =IF(F40*G40*H40=0,"-",TRUNC(F40*G40*H40,2)) -> -
B42: 3.3 | C42: 09-003-106 | D42: =IFERROR(__xludf.DUMMYFUNCTION("VLOOKUP(C42,IMPORTRANGE('0_critérios'!$C$3,'0_critérios'!$B$3),2,0)"),"CABO DE COBRE 10MM2 - ISOLAMENTO PARA 0,6/1KV - CLASSE 5 - FLEXÍVEL - ISOLAÇÃO EM EPR 90 C") -> CABO DE COBRE 10MM2 - ISOLAMENTO PARA 0,6/1KV - CLASSE 5 - FLEXÍVEL - ISOLAÇÃO EM EPR 90 C | L42: ='0_critérios'!$A$3 -> SIURB-EDIF-UNIT-JAN/26 | M42: =IFERROR(__xludf.DUMMYFUNCTION("VLOOKUP(C42,IMPORTRANGE('0_critérios'!$C$3,'0_critérios'!$B$3),3,0)"),"M") -> M | N42: =IFERROR(__xludf.DUMMYFUNCTION("VLOOKUP(C42,IMPORTRANGE('0_critérios'!$C$3,'0_critérios'!$B$3),4,0)"),14.88) -> 14.88 | O42: =TRUNC(IF(E44>0,E44,IF(J44<>"-",J44,IF(I44>0,I44,""))),2) -> 422.5
D43: Local | E43: UN | F43: COMPR.(M) | G43: LARG.(M) | H43: ALT.(M) | I43: ÁREA (M2) | J43: VOLUME (M³) | K43: OBSERVAÇÕES
E44: 422.5 | I44: =IF(J44<>"-","-",IF(F44*G44=0,"-",TRUNC(F44*G44,2))) -> - | J44: =IF(F44*G44*H44=0,"-",TRUNC(F44*G44*H44,2)) -> -
B46: 3.4 | C46: 09-003-109 | D46: =IFERROR(__xludf.DUMMYFUNCTION("VLOOKUP(C46,IMPORTRANGE('0_critérios'!$C$3,'0_critérios'!$B$3),2,0)"),"CABO DE COBRE 35MM2 - ISOLAMENTO PARA 0,6/1KV - CLASSE 5 - FLEXÍVEL - ISOLAÇÃO EM EPR 90 C") -> CABO DE COBRE 35MM2 - ISOLAMENTO PARA 0,6/1KV - CLASSE 5 - FLEXÍVEL - ISOLAÇÃO EM EPR 90 C | L46: ='0_critérios'!$A$3 -> SIURB-EDIF-UNIT-JAN/26 | M46: =IFERROR(__xludf.DUMMYFUNCTION("VLOOKUP(C46,IMPORTRANGE('0_critérios'!$C$3,'0_critérios'!$B$3),3,0)"),"M") -> M | N46: =IFERROR(__xludf.DUMMYFUNCTION("VLOOKUP(C46,IMPORTRANGE('0_critérios'!$C$3,'0_critérios'!$B$3),4,0)"),43.82) -> 43.82 | O46: =TRUNC(IF(E48>0,E48,IF(J48<>"-",J48,IF(I48>0,I48,""))),2) -> 778.7
D47: Local | E47: UN | F47: COMPR.(M) | G47: LARG.(M) | H47: ALT.(M) | I47: ÁREA (M2) | J47: VOLUME (M³) | K47: OBSERVAÇÕES
E48: 778.7 | I48: =IF(J48<>"-","-",IF(F48*G48=0,"-",TRUNC(F48*G48,2))) -> - | J48: =IF(F48*G48*H48=0,"-",TRUNC(F48*G48*H48,2)) -> -
B50: 3.5 | C50: 09-003-111 | D50: =IFERROR(__xludf.DUMMYFUNCTION("VLOOKUP(C50,IMPORTRANGE('0_critérios'!$C$3,'0_critérios'!$B$3),2,0)"),"CABO DE COBRE 70MM2 - ISOLAMENTO PARA 0,6/1KV - CLASSE 5 - FLEXÍVEL - ISOLAÇÃO EM EPR 90 C") -> CABO DE COBRE 70MM2 - ISOLAMENTO PARA 0,6/1KV - CLASSE 5 - FLEXÍVEL - ISOLAÇÃO EM EPR 90 C | L50: ='0_critérios'!$A$3 -> SIURB-EDIF-UNIT-JAN/26 | M50: =IFERROR(__xludf.DUMMYFUNCTION("VLOOKUP(C50,IMPORTRANGE('0_critérios'!$C$3,'0_critérios'!$B$3),3,0)"),"M") -> M | N50: =IFERROR(__xludf.DUMMYFUNCTION("VLOOKUP(C50,IMPORTRANGE('0_critérios'!$C$3,'0_critérios'!$B$3),4,0)"),83.06) -> 83.06 | O50: =TRUNC(IF(E52>0,E52,IF(J52<>"-",J52,IF(I52>0,I52,""))),2) -> 7095.4
D51: Local | E51: UN | F51: COMPR.(M) | G51: LARG.(M) | H51: ALT.(M) | I51: ÁREA (M2) | J51: VOLUME (M³) | K51: OBSERVAÇÕES
E52: 7095.4 | I52: =IF(J52<>"-","-",IF(F52*G52=0,"-",TRUNC(F52*G52,2))) -> - | J52: =IF(F52*G52*H52=0,"-",TRUNC(F52*G52*H52,2)) -> -
B54: 3.6 | C54: 09-003-112 | D54: =IFERROR(__xludf.DUMMYFUNCTION("VLOOKUP(C54,IMPORTRANGE('0_critérios'!$C$3,'0_critérios'!$B$3),2,0)"),"CABO DE COBRE 95MM2 - ISOLAMENTO PARA 0,6/1KV - CLASSE 5 - FLEXÍVEL - ISOLAÇÃO EM EPR 90 C") -> CABO DE COBRE 95MM2 - ISOLAMENTO PARA 0,6/1KV - CLASSE 5 - FLEXÍVEL - ISOLAÇÃO EM EPR 90 C | L54: ='0_critérios'!$A$3 -> SIURB-EDIF-UNIT-JAN/26 | M54: =IFERROR(__xludf.DUMMYFUNCTION("VLOOKUP(C54,IMPORTRANGE('0_critérios'!$C$3,'0_critérios'!$B$3),3,0)"),"M") -> M | N54: =IFERROR(__xludf.DUMMYFUNCTION("VLOOKUP(C54,IMPORTRANGE('0_critérios'!$C$3,'0_critérios'!$B$3),4,0)"),111.2) -> 111.2 | O54: =TRUNC(IF(E56>0,E56,IF(J56<>"-",J56,IF(I56>0,I56,""))),2) -> 120.9
D55: Local | E55: UN | F55: COMPR.(M) | G55: LARG.(M) | H55: ALT.(M) | I55: ÁREA (M2) | J55: VOLUME (M³) | K55: OBSERVAÇÕES
E56: 120.9 | I56: =IF(J56<>"-","-",IF(F56*G56=0,"-",TRUNC(F56*G56,2))) -> - | J56: =IF(F56*G56*H56=0,"-",TRUNC(F56*G56*H56,2)) -> -
B58: 3.7 | C58: 09-003-113 | D58: =IFERROR(__xludf.DUMMYFUNCTION("VLOOKUP(C58,IMPORTRANGE('0_critérios'!$C$3,'0_critérios'!$B$3),2,0)"),"CABO DE COBRE 120MM2 - ISOLAMENTO PARA 0,6/1KV - CLASSE 5 - FLEXÍVEL - ISOLAÇÃO EM EPR 90 C") -> CABO DE COBRE 120MM2 - ISOLAMENTO PARA 0,6/1KV - CLASSE 5 - FLEXÍVEL - ISOLAÇÃO EM EPR 90 C | L58: ='0_critérios'!$A$3 -> SIURB-EDIF-UNIT-JAN/26 | M58: =IFERROR(__xludf.DUMMYFUNCTION("VLOOKUP(C58,IMPORTRANGE('0_critérios'!$C$3,'0_critérios'!$B$3),3,0)"),"M") -> M | N58: =IFERROR(__xludf.DUMMYFUNCTION("VLOOKUP(C58,IMPORTRANGE('0_critérios'!$C$3,'0_critérios'!$B$3),4,0)"),140.46) -> 140.46 | O58: =TRUNC(IF(E60>0,E60,IF(J60<>"-",J60,IF(I60>0,I60,""))),2) -> 650
D59: Local | E59: UN | F59: COMPR.(M) | G59: LARG.(M) | H59: ALT.(M) | I59: ÁREA (M2) | J59: VOLUME (M³) | K59: OBSERVAÇÕES
E60: 650 | I60: =IF(J60<>"-","-",IF(F60*G60=0,"-",TRUNC(F60*G60,2))) -> - | J60: =IF(F60*G60*H60=0,"-",TRUNC(F60*G60*H60,2)) -> -
B62: 3.8 | C62: 09-003-115 | D62: =IFERROR(__xludf.DUMMYFUNCTION("VLOOKUP(C62,IMPORTRANGE('0_critérios'!$C$3,'0_critérios'!$B$3),2,0)"),"CABO DE COBRE 185MM2 - ISOLAMENTO PARA 0,6/1KV - CLASSE 5 - FLEXÍVEL - ISOLAÇÃO EM EPR 90 C") -> CABO DE COBRE 185MM2 - ISOLAMENTO PARA 0,6/1KV - CLASSE 5 - FLEXÍVEL - ISOLAÇÃO EM EPR 90 C | L62: ='0_critérios'!$A$3 -> SIURB-EDIF-UNIT-JAN/26 | M62: =IFERROR(__xludf.DUMMYFUNCTION("VLOOKUP(C62,IMPORTRANGE('0_critérios'!$C$3,'0_critérios'!$B$3),3,0)"),"M") -> M | N62: =IFERROR(__xludf.DUMMYFUNCTION("VLOOKUP(C62,IMPORTRANGE('0_critérios'!$C$3,'0_critérios'!$B$3),4,0)"),207.9) -> 207.9 | O62: =TRUNC(IF(E64>0,E64,IF(J64<>"-",J64,IF(I64>0,I64,""))),2) -> 1093.6
D63: Local | E63: UN | F63: COMPR.(M) | G63: LARG.(M) | H63: ALT.(M) | I63: ÁREA (M2) | J63: VOLUME (M³) | K63: OBSERVAÇÕES
E64: 1093.6 | I64: =IF(J64<>"-","-",IF(F64*G64=0,"-",TRUNC(F64*G64,2))) -> - | J64: =IF(F64*G64*H64=0,"-",TRUNC(F64*G64*H64,2)) -> -
B66: 3.9 | C66: 09-003-122 | D66: =IFERROR(__xludf.DUMMYFUNCTION("VLOOKUP(C66,IMPORTRANGE('0_critérios'!$C$3,'0_critérios'!$B$3),2,0)"),"CABO DE COBRE 2,50MM2 - ISOLAMENTO PARA 750V - AFUMEX - CLASSE 5 - FLEXÍVEL - ISOLAÇÃO EM HEPR 90 C") -> CABO DE COBRE 2,50MM2 - ISOLAMENTO PARA 750V - AFUMEX - CLASSE 5 - FLEXÍVEL - ISOLAÇÃO EM HEPR 90 C | L66: ='0_critérios'!$A$3 -> SIURB-EDIF-UNIT-JAN/26 | M66: =IFERROR(__xludf.DUMMYFUNCTION("VLOOKUP(C66,IMPORTRANGE('0_critérios'!$C$3,'0_critérios'!$B$3),3,0)"),"M") -> M | N66: =IFERROR(__xludf.DUMMYFUNCTION("VLOOKUP(C66,IMPORTRANGE('0_critérios'!$C$3,'0_critérios'!$B$3),4,0)"),5.38) -> 5.38 | O66: =TRUNC(IF(E68>0,E68,IF(J68<>"-",J68,IF(I68>0,I68,""))),2) -> 32360
D67: Local | E67: UN | F67: COMPR.(M) | G67: LARG.(M) | H67: ALT.(M) | I67: ÁREA (M2) | J67: VOLUME (M³) | K67: OBSERVAÇÕES
E68: 32360 | I68: =IF(J68<>"-","-",IF(F68*G68=0,"-",TRUNC(F68*G68,2))) -> - | J68: =IF(F68*G68*H68=0,"-",TRUNC(F68*G68*H68,2)) -> -
B70: 3.10 | C70: 09-003-123 | D70: =IFERROR(__xludf.DUMMYFUNCTION("VLOOKUP(C70,IMPORTRANGE('0_critérios'!$C$3,'0_critérios'!$B$3),2,0)"),"CABO DE COBRE 4MM2 - ISOLAMENTO PARA 750V - AFUMEX - CLASSE 5 - FLEXÍVEL - ISOLAÇÃO EM HEPR 90 C") -> CABO DE COBRE 4MM2 - ISOLAMENTO PARA 750V - AFUMEX - CLASSE 5 - FLEXÍVEL - ISOLAÇÃO EM HEPR 90 C | L70: ='0_critérios'!$A$3 -> SIURB-EDIF-UNIT-JAN/26 | M70: =IFERROR(__xludf.DUMMYFUNCTION("VLOOKUP(C70,IMPORTRANGE('0_critérios'!$C$3,'0_critérios'!$B$3),3,0)"),"M") -> M | N70: =IFERROR(__xludf.DUMMYFUNCTION("VLOOKUP(C70,IMPORTRANGE('0_critérios'!$C$3,'0_critérios'!$B$3),4,0)"),7.6) -> 7.6 | O70: =TRUNC(IF(E72>0,E72,IF(J72<>"-",J72,IF(I72>0,I72,""))),2) -> 4030
D71: Local | E71: UN | F71: COMPR.(M) | G71: LARG.(M) | H71: ALT.(M) | I71: ÁREA (M2) | J71: VOLUME (M³) | K71: OBSERVAÇÕES
E72: 4030 | I72: =IF(J72<>"-","-",IF(F72*G72=0,"-",TRUNC(F72*G72,2))) -> - | J72: =IF(F72*G72*H72=0,"-",TRUNC(F72*G72*H72,2)) -> -
B74: 3.11 | C74: 09-005-035 | D74: =IFERROR(__xludf.DUMMYFUNCTION("VLOOKUP(C74,IMPORTRANGE('0_critérios'!$C$3,'0_critérios'!$B$3),2,0)"),"CAIXA DE PASSAGEM TIPO CONDULETE - 3""") -> CAIXA DE PASSAGEM TIPO CONDULETE - 3" | L74: ='0_critérios'!$A$3 -> SIURB-EDIF-UNIT-JAN/26 | M74: =IFERROR(__xludf.DUMMYFUNCTION("VLOOKUP(C74,IMPORTRANGE('0_critérios'!$C$3,'0_critérios'!$B$3),3,0)"),"UN") -> UN | N74: =IFERROR(__xludf.DUMMYFUNCTION("VLOOKUP(C74,IMPORTRANGE('0_critérios'!$C$3,'0_critérios'!$B$3),4,0)"),311.54) -> 311.54 | O74: =TRUNC(IF(E76>0,E76,IF(J76<>"-",J76,IF(I76>0,I76,""))),2) -> 354
D75: Local | E75: UN | F75: COMPR.(M) | G75: LARG.(M) | H75: ALT.(M) | I75: ÁREA (M2) | J75: VOLUME (M³) | K75: OBSERVAÇÕES
E76: 354 | I76: =IF(J76<>"-","-",IF(F76*G76=0,"-",TRUNC(F76*G76,2))) -> - | J76: =IF(F76*G76*H76=0,"-",TRUNC(F76*G76*H76,2)) -> -
B78: 3.12 | C78: 09-013-046 | D78: =IFERROR(__xludf.DUMMYFUNCTION("VLOOKUP(C78,IMPORTRANGE('0_critérios'!$C$3,'0_critérios'!$B$3),2,0)"),"ELETROCALHA PERF. GALV. ELETROL. CHAPA 14 - 150X100MM C/ TAMPA E INST.") -> ELETROCALHA PERF. GALV. ELETROL. CHAPA 14 - 150X100MM C/ TAMPA E INST. | L78: ='0_critérios'!$A$3 -> SIURB-EDIF-UNIT-JAN/26 | M78: =IFERROR(__xludf.DUMMYFUNCTION("VLOOKUP(C78,IMPORTRANGE('0_critérios'!$C$3,'0_critérios'!$B$3),3,0)"),"M") -> M | N78: =IFERROR(__xludf.DUMMYFUNCTION("VLOOKUP(C78,IMPORTRANGE('0_critérios'!$C$3,'0_critérios'!$B$3),4,0)"),185.28) -> 185.28 | O78: =TRUNC(IF(E80>0,E80,IF(J80<>"-",J80,IF(I80>0,I80,""))),2) -> 62.4
D79: Local | E79: UN | F79: COMPR.(M) | G79: LARG.(M) | H79: ALT.(M) | I79: ÁREA (M2) | J79: VOLUME (M³) | K79: OBSERVAÇÕES
E80: 62.4 | I80: =IF(J80<>"-","-",IF(F80*G80=0,"-",TRUNC(F80*G80,2))) -> - | J80: =IF(F80*G80*H80=0,"-",TRUNC(F80*G80*H80,2)) -> -
B82: 3.13 | C82: 09-013-047 | D82: =IFERROR(__xludf.DUMMYFUNCTION("VLOOKUP(C82,IMPORTRANGE('0_critérios'!$C$3,'0_critérios'!$B$3),2,0)"),"ELETROCALHA PERF. GALV. ELETROL. CHAPA 14 - 200X100MM C/ TAMPA E INST.") -> ELETROCALHA PERF. GALV. ELETROL. CHAPA 14 - 200X100MM C/ TAMPA E INST. | L82: ='0_critérios'!$A$3 -> SIURB-EDIF-UNIT-JAN/26 | M82: =IFERROR(__xludf.DUMMYFUNCTION("VLOOKUP(C82,IMPORTRANGE('0_critérios'!$C$3,'0_critérios'!$B$3),3,0)"),"M") -> M | N82: =IFERROR(__xludf.DUMMYFUNCTION("VLOOKUP(C82,IMPORTRANGE('0_critérios'!$C$3,'0_critérios'!$B$3),4,0)"),212.49) -> 212.49 | O82: =TRUNC(IF(E84>0,E84,IF(J84<>"-",J84,IF(I84>0,I84,""))),2) -> 606
D83: Local | E83: UN | F83: COMPR.(M) | G83: LARG.(M) | H83: ALT.(M) | I83: ÁREA (M2) | J83: VOLUME (M³) | K83: OBSERVAÇÕES
E84: 606 | I84: =IF(J84<>"-","-",IF(F84*G84=0,"-",TRUNC(F84*G84,2))) -> - | J84: =IF(F84*G84*H84=0,"-",TRUNC(F84*G84*H84,2)) -> -
B86: 3.14 | C86: 09-013-050 | D86: =IFERROR(__xludf.DUMMYFUNCTION("VLOOKUP(C86,IMPORTRANGE('0_critérios'!$C$3,'0_critérios'!$B$3),2,0)"),"ELETROCALHA PERF. GALV. ELETROL. CHAPA 14 - 400X100MM C/ TAMPA E INST.") -> ELETROCALHA PERF. GALV. ELETROL. CHAPA 14 - 400X100MM C/ TAMPA E INST. | L86: ='0_critérios'!$A$3 -> SIURB-EDIF-UNIT-JAN/26 | M86: =IFERROR(__xludf.DUMMYFUNCTION("VLOOKUP(C86,IMPORTRANGE('0_critérios'!$C$3,'0_critérios'!$B$3),3,0)"),"M") -> M | N86: =IFERROR(__xludf.DUMMYFUNCTION("VLOOKUP(C86,IMPORTRANGE('0_critérios'!$C$3,'0_critérios'!$B$3),4,0)"),304.67) -> 304.67 | O86: =TRUNC(IF(E88>0,E88,IF(J88<>"-",J88,IF(I88>0,I88,""))),2) -> 1240.2
D87: Local | E87: UN | F87: COMPR.(M) | G87: LARG.(M) | H87: ALT.(M) | I87: ÁREA (M2) | J87: VOLUME (M³) | K87: OBSERVAÇÕES
E88: 1240.2 | I88: =IF(J88<>"-","-",IF(F88*G88=0,"-",TRUNC(F88*G88,2))) -> - | J88: =IF(F88*G88*H88=0,"-",TRUNC(F88*G88*H88,2)) -> -
B90: 3.15 | C90: 97246 | D90: =IFERROR(__xludf.DUMMYFUNCTION("VLOOKUP(C90,IMPORTRANGE('0_critérios'!$C$7,'0_critérios'!$B$7),2,0)"),"ELETROCALHA LISA OU PERFURADA EM AÇO GALVANIZADO, LARGURA 600MM E ALTURA 50MM, INCLUSIVE EMENDA E FIXAÇÃO - FORNECIMENTO E INSTALAÇÃO. AF_04/2023") -> ELETROCALHA LISA OU PERFURADA EM AÇO GALVANIZADO, LARGURA 600MM E ALTURA 50MM, INCLUSIVE EMENDA E FIXAÇÃO - FORNECIMENTO E INSTALAÇÃO. AF_04/2023 | L90: ='0_critérios'!$A$7 -> SINAPI-SINT-ABR/26 | M90: =IFERROR(__xludf.DUMMYFUNCTION("VLOOKUP(C90,IMPORTRANGE('0_critérios'!$C$7,'0_critérios'!$B$7),3,0)"),"M") -> M | N90: =IFERROR(__xludf.DUMMYFUNCTION("VLOOKUP(C90,IMPORTRANGE('0_critérios'!$C$7,'0_critérios'!$B$7),4,0)"),0.0) -> 0 | O90: =TRUNC(IF(E92>0,E92,IF(J92<>"-",J92,IF(I92>0,I92,""))),2) -> 331.5
D91: Local | E91: UN | F91: COMPR.(m) | G91: LARG.(m) | H91: ALT.(m) | I91: ÁREA (m²) | J91: VOLUME (m³) | K91: OBSERVAÇÕES
E92: 331.5 | I92: =IF(J92<>"-","-",IF(F92*G92=0,"-",TRUNC(F92*G92,2))) -> - | J92: =IF(F92*G92*H92=0,"-",TRUNC(F92*G92*H92,2)) -> -
B94: 3.16 | C94: 97248 | D94: =IFERROR(__xludf.DUMMYFUNCTION("VLOOKUP(C94,IMPORTRANGE('0_critérios'!$C$7,'0_critérios'!$B$7),2,0)"),"ELETROCALHA LISA OU PERFURADA EM AÇO GALVANIZADO, LARGURA 800MM E ALTURA 50MM, INCLUSIVE EMENDA E FIXAÇÃO - FORNECIMENTO E INSTALAÇÃO. AF_04/2023") -> ELETROCALHA LISA OU PERFURADA EM AÇO GALVANIZADO, LARGURA 800MM E ALTURA 50MM, INCLUSIVE EMENDA E FIXAÇÃO - FORNECIMENTO E INSTALAÇÃO. AF_04/2023 | L94: ='0_critérios'!$A$7 -> SINAPI-SINT-ABR/26 | M94: =IFERROR(__xludf.DUMMYFUNCTION("VLOOKUP(C94,IMPORTRANGE('0_critérios'!$C$7,'0_critérios'!$B$7),3,0)"),"M") -> M | N94: =IFERROR(__xludf.DUMMYFUNCTION("VLOOKUP(C94,IMPORTRANGE('0_critérios'!$C$7,'0_critérios'!$B$7),4,0)"),0.0) -> 0 | O94: =TRUNC(IF(E96>0,E96,IF(J96<>"-",J96,IF(I96>0,I96,""))),2) -> 179.4
D95: Local | E95: UN | F95: COMPR.(m) | G95: LARG.(m) | H95: ALT.(m) | I95: ÁREA (m²) | J95: VOLUME (m³) | K95: OBSERVAÇÕES
E96: 179.4 | I96: =IF(J96<>"-","-",IF(F96*G96=0,"-",TRUNC(F96*G96,2))) -> - | J96: =IF(F96*G96*H96=0,"-",TRUNC(F96*G96*H96,2)) -> -
B98: 3.17 | C98: 09-002-012 | D98: =IFERROR(__xludf.DUMMYFUNCTION("VLOOKUP(C98,IMPORTRANGE('0_critérios'!$C$3,'0_critérios'!$B$3),2,0)"),"ELETRODUTO DE AÇO GALVANIZADO ELETROLÍTICO, TIPO LEVE I - 1""") -> ELETRODUTO DE AÇO GALVANIZADO ELETROLÍTICO, TIPO LEVE I - 1" | L98: ='0_critérios'!$A$3 -> SIURB-EDIF-UNIT-JAN/26 | M98: =IFERROR(__xludf.DUMMYFUNCTION("VLOOKUP(C98,IMPORTRANGE('0_critérios'!$C$3,'0_critérios'!$B$3),3,0)"),"M") -> M | N98: =IFERROR(__xludf.DUMMYFUNCTION("VLOOKUP(C98,IMPORTRANGE('0_critérios'!$C$3,'0_critérios'!$B$3),4,0)"),41.98) -> 41.98 | O98: =TRUNC(IF(E100>0,E100,IF(J100<>"-",J100,IF(I100>0,I100,""))),2) -> 226.2
D99: Local | E99: UN | F99: COMPR.(M) | G99: LARG.(M) | H99: ALT.(M) | I99: ÁREA (M2) | J99: VOLUME (M³) | K99: OBSERVAÇÕES
E100: 226.2 | I100: =IF(J100<>"-","-",IF(F100*G100=0,"-",TRUNC(F100*G100,2))) -> - | J100: =IF(F100*G100*H100=0,"-",TRUNC(F100*G100*H100,2)) -> -
B102: 3.18 | C102: 09-002-015 | D102: =IFERROR(__xludf.DUMMYFUNCTION("VLOOKUP(C102,IMPORTRANGE('0_critérios'!$C$3,'0_critérios'!$B$3),2,0)"),"ELETRODUTO DE AÇO GALVANIZADO ELETROLÍTICO, TIPO LEVE I - 2""") -> ELETRODUTO DE AÇO GALVANIZADO ELETROLÍTICO, TIPO LEVE I - 2" | L102: ='0_critérios'!$A$3 -> SIURB-EDIF-UNIT-JAN/26 | M102: =IFERROR(__xludf.DUMMYFUNCTION("VLOOKUP(C102,IMPORTRANGE('0_critérios'!$C$3,'0_critérios'!$B$3),3,0)"),"M") -> M | N102: =IFERROR(__xludf.DUMMYFUNCTION("VLOOKUP(C102,IMPORTRANGE('0_critérios'!$C$3,'0_critérios'!$B$3),4,0)"),77.49) -> 77.49 | O102: =TRUNC(IF(E104>0,E104,IF(J104<>"-",J104,IF(I104>0,I104,""))),2) -> 46.8
D103: Local | E103: UN | F103: COMPR.(M) | G103: LARG.(M) | H103: ALT.(M) | I103: ÁREA (M2) | J103: VOLUME (M³) | K103: OBSERVAÇÕES
E104: 46.8 | I104: =IF(J104<>"-","-",IF(F104*G104=0,"-",TRUNC(F104*G104,2))) -> - | J104: =IF(F104*G104*H104=0,"-",TRUNC(F104*G104*H104,2)) -> -
B106: 3.19 | C106: 09-002-011 | D106: =IFERROR(__xludf.DUMMYFUNCTION("VLOOKUP(C106,IMPORTRANGE('0_critérios'!$C$3,'0_critérios'!$B$3),2,0)"),"ELETRODUTO DE AÇO GALVANIZADO ELETROLÍTICO, TIPO LEVE I - 3/4""") -> ELETRODUTO DE AÇO GALVANIZADO ELETROLÍTICO, TIPO LEVE I - 3/4" | L106: ='0_critérios'!$A$3 -> SIURB-EDIF-UNIT-JAN/26 | M106: =IFERROR(__xludf.DUMMYFUNCTION("VLOOKUP(C106,IMPORTRANGE('0_critérios'!$C$3,'0_critérios'!$B$3),3,0)"),"M") -> M | N106: =IFERROR(__xludf.DUMMYFUNCTION("VLOOKUP(C106,IMPORTRANGE('0_critérios'!$C$3,'0_critérios'!$B$3),4,0)"),39.22) -> 39.22 | O106: =TRUNC(IF(E108>0,E108,IF(J108<>"-",J108,IF(I108>0,I108,""))),2) -> 210.6
D107: Local | E107: UN | F107: COMPR.(M) | G107: LARG.(M) | H107: ALT.(M) | I107: ÁREA (M2) | J107: VOLUME (M³) | K107: OBSERVAÇÕES
E108: 210.6 | I108: =IF(J108<>"-","-",IF(F108*G108=0,"-",TRUNC(F108*G108,2))) -> - | J108: =IF(F108*G108*H108=0,"-",TRUNC(F108*G108*H108,2)) -> -
B110: 3.20 | C110: 09-002-003 | D110: =IFERROR(__xludf.DUMMYFUNCTION("VLOOKUP(C110,IMPORTRANGE('0_critérios'!$C$3,'0_critérios'!$B$3),2,0)"),"ELETRODUTO DE PVC RÍGIDO, ROSCÁVEL - 32MM (1"")") -> ELETRODUTO DE PVC RÍGIDO, ROSCÁVEL - 32MM (1") | L110: ='0_critérios'!$A$3 -> SIURB-EDIF-UNIT-JAN/26 | M110: =IFERROR(__xludf.DUMMYFUNCTION("VLOOKUP(C110,IMPORTRANGE('0_critérios'!$C$3,'0_critérios'!$B$3),3,0)"),"M") -> M | N110: =IFERROR(__xludf.DUMMYFUNCTION("VLOOKUP(C110,IMPORTRANGE('0_critérios'!$C$3,'0_critérios'!$B$3),4,0)"),26.6) -> 26.6 | O110: =TRUNC(IF(E112>0,E112,IF(J112<>"-",J112,IF(I112>0,I112,""))),2) -> 435
D111: Local | E111: UN | F111: COMPR.(M) | G111: LARG.(M) | H111: ALT.(M) | I111: ÁREA (M2) | J111: VOLUME (M³) | K111: OBSERVAÇÕES
E112: 435 | I112: =IF(J112<>"-","-",IF(F112*G112=0,"-",TRUNC(F112*G112,2))) -> - | J112: =IF(F112*G112*H112=0,"-",TRUNC(F112*G112*H112,2)) -> -
B114: 3.21 | C114: 09-002-002 | D114: =IFERROR(__xludf.DUMMYFUNCTION("VLOOKUP(C114,IMPORTRANGE('0_critérios'!$C$3,'0_critérios'!$B$3),2,0)"),"ELETRODUTO DE PVC RÍGIDO, ROSCÁVEL - 25MM (3/4"")") -> ELETRODUTO DE PVC RÍGIDO, ROSCÁVEL - 25MM (3/4") | L114: ='0_critérios'!$A$3 -> SIURB-EDIF-UNIT-JAN/26 | M114: =IFERROR(__xludf.DUMMYFUNCTION("VLOOKUP(C114,IMPORTRANGE('0_critérios'!$C$3,'0_critérios'!$B$3),3,0)"),"M") -> M | N114: =IFERROR(__xludf.DUMMYFUNCTION("VLOOKUP(C114,IMPORTRANGE('0_critérios'!$C$3,'0_critérios'!$B$3),4,0)"),24.05) -> 24.05 | O114: =TRUNC(IF(E116>0,E116,IF(J116<>"-",J116,IF(I116>0,I116,""))),2) -> 336
D115: Local | E115: UN | F115: COMPR.(M) | G115: LARG.(M) | H115: ALT.(M) | I115: ÁREA (M2) | J115: VOLUME (M³) | K115: OBSERVAÇÕES
E116: 336 | I116: =IF(J116<>"-","-",IF(F116*G116=0,"-",TRUNC(F116*G116,2))) -> - | J116: =IF(F116*G116*H116=0,"-",TRUNC(F116*G116*H116,2)) -> -
B118: 4 | C118: QBTG - SMART SAMPA
B120: 4.1 | C120: COMP. 1 | D120: =VLOOKUP(C120,'3_COMPOSIÇÃO'!A:E,2,0) -> Caixa p/quadro (2000 x 1200 x 40mm) em chapa galvanizada, inclusive barramento, isolador e montagem, exclusive disjuntores | L120: COMPOSIÇÃO | M120: =VLOOKUP(C120,'3_COMPOSIÇÃO'!A:E,3,0) -> UN | N120: =VLOOKUP(C120,'3_COMPOSIÇÃO'!A:E,5,0) -> 20868.36 | O120: =IF(E122>0,E122,IF(J122<>"-",J122,IF(I122>0,I122,""))) -> 2
D121: Local | E121: UN | F121: COMPR.(m) | G121: LARG.(m) | H121: ALT.(m) | I121: ÁREA (m²) | J121: VOLUME (m³) | K121: OBSERVAÇÕES
E122: 2 | J122: =IF(K122<>"-","-",IF(G122*H122=0,"-",TRUNC(G122*H122,2))) -> -
B124: 4.2 | C124: 09-008-024 | D124: =IFERROR(__xludf.DUMMYFUNCTION("VLOOKUP(C124,IMPORTRANGE('0_critérios'!$C$3,'0_critérios'!$B$3),2,0)"),"DISJUNTOR AUTOMÁTICO TRIPOLAR A SECO 1600A/600V") -> DISJUNTOR AUTOMÁTICO TRIPOLAR A SECO 1600A/600V | L124: ='0_critérios'!$A$3 -> SIURB-EDIF-UNIT-JAN/26 | M124: =IFERROR(__xludf.DUMMYFUNCTION("VLOOKUP(C124,IMPORTRANGE('0_critérios'!$C$3,'0_critérios'!$B$3),3,0)"),"UN") -> UN | N124: =IFERROR(__xludf.DUMMYFUNCTION("VLOOKUP(C124,IMPORTRANGE('0_critérios'!$C$3,'0_critérios'!$B$3),4,0)"),29957.46) -> 29957.46 | O124: =TRUNC(IF(E126>0,E126,IF(J126<>"-",J126,IF(I126>0,I126,""))),2) -> 6
D125: Local | E125: UN | F125: COMPR.(M) | G125: LARG.(M) | H125: ALT.(M) | I125: ÁREA (M2) | J125: VOLUME (M³) | K125: OBSERVAÇÕES
E126: 6 | I126: =IF(J126<>"-","-",IF(F126*G126=0,"-",TRUNC(F126*G126,2))) -> - | J126: =IF(F126*G126*H126=0,"-",TRUNC(F126*G126*H126,2)) -> -
B128: 4.3 | C128: 09-017-037 | D128: =IFERROR(__xludf.DUMMYFUNCTION("VLOOKUP(C128,IMPORTRANGE('0_critérios'!$C$3,'0_critérios'!$B$3),2,0)"),"TRANSFORMADOR DE CORRENTE PARA PROTEÇÃO DE INSTALAÇÃO PRIMÁRIA (TENSÃO MÁXIMA 15kV – USO INTERNO) – RELAÇÃO 200:5A") -> TRANSFORMADOR DE CORRENTE PARA PROTEÇÃO DE INSTALAÇÃO PRIMÁRIA (TENSÃO MÁXIMA 15kV – USO INTERNO) – RELAÇÃO 200:5A | L128: ='0_critérios'!$A$3 -> SIURB-EDIF-UNIT-JAN/26 | M128: =IFERROR(__xludf.DUMMYFUNCTION("VLOOKUP(C128,IMPORTRANGE('0_critérios'!$C$3,'0_critérios'!$B$3),3,0)"),"UN") -> UN | N128: =IFERROR(__xludf.DUMMYFUNCTION("VLOOKUP(C128,IMPORTRANGE('0_critérios'!$C$3,'0_critérios'!$B$3),4,0)"),1526.14) -> 1526.14 | O128: =TRUNC(IF(E130>0,E130,IF(J130<>"-",J130,IF(I130>0,I130,""))),2) -> 3
D129: Local | E129: UN | F129: COMPR.(M) | G129: LARG.(M) | H129: ALT.(M) | I129: ÁREA (M2) | J129: VOLUME (M³) | K129: OBSERVAÇÕES
E130: 3 | I130: =IF(J130<>"-","-",IF(F130*G130=0,"-",TRUNC(F130*G130,2))) -> - | J130: =IF(F130*G130*H130=0,"-",TRUNC(F130*G130*H130,2)) -> -
B132: 4.4 | C132: 09-008-012 | D132: =IFERROR(__xludf.DUMMYFUNCTION("VLOOKUP(C132,IMPORTRANGE('0_critérios'!$C$3,'0_critérios'!$B$3),2,0)"),"MINI DISJUNTOR - TIPO EUROPEU (IEC) - BIPOLAR 6/25A") -> MINI DISJUNTOR - TIPO EUROPEU (IEC) - BIPOLAR 6/25A | L132: ='0_critérios'!$A$3 -> SIURB-EDIF-UNIT-JAN/26 | M132: =IFERROR(__xludf.DUMMYFUNCTION("VLOOKUP(C132,IMPORTRANGE('0_critérios'!$C$3,'0_critérios'!$B$3),3,0)"),"UN") -> UN | N132: =IFERROR(__xludf.DUMMYFUNCTION("VLOOKUP(C132,IMPORTRANGE('0_critérios'!$C$3,'0_critérios'!$B$3),4,0)"),82.07) -> 82.07 | O132: =TRUNC(IF(E134>0,E134,IF(J134<>"-",J134,IF(I134>0,I134,""))),2) -> 3
D133: Local | E133: UN | F133: COMPR.(M) | G133: LARG.(M) | H133: ALT.(M) | I133: ÁREA (M2) | J133: VOLUME (M³) | K133: OBSERVAÇÕES
E134: 3 | I134: =IF(J134<>"-","-",IF(F134*G134=0,"-",TRUNC(F134*G134,2))) -> - | J134: =IF(F134*G134*H134=0,"-",TRUNC(F134*G134*H134,2)) -> -
B136: 5 | C136: QUADROS TRAFOS
...

Sheet 3_COMPOSIÇÃO
A1: ANEXO III.B - COMPOSIÇÃO DE CUSTO UNITÁRIO | H1: ocultar | M1: ocultar | N1: ocultar
A3: CÓDIGO COMP. | B3: DESCRIÇÃO COMP. | C3: UNID. COMP. | D3: OBSERVAÇÕES | E3: CUSTO TOTAL | F3: TIPO ITEM | G3: CÓDIGO ITEM | H3: FONTE | I3: FONTE | J3: DESCRIÇÃO ITEM | K3: UNID. ITEM | L3: COEF. ITEM | M3: PREÇO UNIT. | N3: CUSTO TOTAL
A4: COMP. 1 | B4: Caixa p/quadro (2000 x 1200 x 40mm) em chapa galvanizada, inclusive barramento, isolador e montagem, exclusive disjuntores | C4: UN | D4: FORNECIMENTO E INSTALAÇÃO | E4: 20868.36 | F4: REF. | G4: 9001 | H4: PESQUISA DE PREÇO | I4: ORSE | J4: Caixa p/quadro (2000 x 1200 x 40mm) em chapa galvanizada, inclusive barramento, isolador e montagem, exclusive disjuntores | K4: UN | L4: 1 | M4: =VLOOKUP(G4,'4_COMP_insumos'!B:G,6,0) -> #REF! | N4: =M4*L4 -> #REF!
A6: CÓDIGO COMP. | B6: DESCRIÇÃO COMP. | C6: UNID. COMP. | D6: OBSERVAÇÕES | E6: CUSTO TOTAL | F6: TIPO ITEM | G6: CÓDIGO ITEM | H6: FONTE | I6: FONTE | J6: DESCRIÇÃO ITEM | K6: UNID. ITEM | L6: COEF. ITEM | M6: PREÇO UNIT. | N6: CUSTO TOTAL
A7: COMP. 2 | B7: SISTEMA BLOQUEIO-ACIONADOR MANUAL EMERGENCIA | C7: UN | D7: FORNECIMENTO E INSTALAÇÃO | E7: 1705.54 | F7: REF. | G7: 067409 | H7: PESQUISA DE PREÇO | I7: SBC | J7: SISTEMA BLOQUEIO-ACIONADOR MANUAL EMERGENCIA | K7: UN | L7: 1 | M7: =VLOOKUP(G7,'4_COMP_insumos'!B:G,6,0) -> #REF! | N7: =M7*L7 -> #REF!
A9: CÓDIGO COMP. | B9: DESCRIÇÃO COMP. | C9: UNID. COMP. | D9: OBSERVAÇÕES | E9: CUSTO TOTAL | F9: TIPO ITEM | G9: CÓDIGO ITEM | H9: FONTE | I9: FONTE | J9: DESCRIÇÃO ITEM | K9: UNID. ITEM | L9: COEF. ITEM | M9: PREÇO UNIT. | N9: CUSTO TOTAL
A10: COMP. 3 | B10: DISJUNTOR TRIPOLAR CAIXA MOLDADA 690VCA 600A 10KA STECK | C10: UN | D10: FORNECIMENTO E INSTALAÇÃO | E10: 3244.91 | F10: REF. | G10: 064170 | H10: PESQUISA DE PREÇO | I10: SBC | J10: DISJUNTOR TRIPOLAR CAIXA MOLDADA 690VCA 600A 10KA STECK | K10: UN | L10: 1 | M10: =VLOOKUP(G10,'4_COMP_insumos'!B:G,6,0) -> #REF! | N10: =M10*L10 -> #REF!
A12: CÓDIGO COMP. | B12: DESCRIÇÃO COMP. | C12: UNID. COMP. | D12: OBSERVAÇÕES | E12: CUSTO TOTAL | F12: TIPO ITEM | G12: CÓDIGO ITEM | H12: FONTE | I12: FONTE | J12: DESCRIÇÃO ITEM | K12: UNID. ITEM | L12: COEF. ITEM | M12: PREÇO UNIT. | N12: CUSTO TOTAL
A13: COMP. 4 | B13: DISJUNTOR TRIPOLAR CAIXA MOLDADA 225A EZC250N3225 SCHNEIDER | C13: UN | D13: FORNECIMENTO E INSTALAÇÃO | E13: 1637.64 | F13: REF. | G13: 064173 | H13: ='0_critérios'!$A$9 -> SINAPI-INSU-ABR/26 | I13: SBC | J13: DISJUNTOR TRIPOLAR CAIXA MOLDADA 225A EZC250N3225 SCHNEIDER | K13: UN | L13: 1 | M13: =IFERROR(__xludf.DUMMYFUNCTION("VLOOKUP(G13,IMPORTRANGE('0_critérios'!$C$9,'0_critérios'!$B$9),5,0)"),"#N/A") -> #N/A | N13: =M13*L13 -> #N/A
A15: CÓDIGO COMP. | B15: DESCRIÇÃO COMP. | C15: UNID. COMP. | D15: OBSERVAÇÕES | E15: CUSTO TOTAL | F15: TIPO ITEM | G15: CÓDIGO ITEM | H15: FONTE | I15: FONTE | J15: DESCRIÇÃO ITEM | K15: UNID. ITEM | L15: COEF. ITEM | M15: PREÇO UNIT. | N15: CUSTO TOTAL
A16: COMP. 5 | B16: Painel de sobrepor auto suportável tipo armário - QGBT - com disjuntores e acessórios, dim: 1900x1000x400mm | C16: UN | D16: FORNECIMENTO E INSTALAÇÃO | E16: 27378.51 | F16: REF. | G16: 9512 | H16: PESQUISA DE PREÇO | I16: ORSE | J16: Painel de sobrepor auto suportável tipo armário - QGBT - com disjuntores e acessórios, dim: 1900x1000x400mm | K16: UN | L16: 1 | M16: =VLOOKUP(G16,'4_COMP_insumos'!B:G,6,0) -> #REF! | N16: =M16*L16 -> #REF!
A19: OBS: Os códigos de Composição correspondem à números referenciais de identificação e não estão em organização númérica sequencial.

Sheet 5_COMP_BDI
A1: ANEXO III.A - COMPOSIÇÃO DO BDI
A2: EDIFICAÇÕES
A3: ESCRITÓRIO CENTRAL | B3: AC | C3: 0.0446 | D3: =1+(C3+C11+C12+C13) -> 1.0446
A4: LUCRO BRUTO | B4: L | C4: 0.08 | D4: =1+C4 -> 1.08
A5: IMPOSTOS: | B5: I | C5: =SUM(C6:C9) -> 0.1015 | D5: =1-C5 -> 0.8985
A6: INSS | C6: 0.045
A7: Cofins | C7: 0.03
A8: PIS | C8: 0.0065
A9: ISS | C9: 0.02
A10: TAXA DE RISCO | B10: TR | C10: =SUM(C11:C13) -> 0
A11: Seguro | B11: R | C11: 0
A12: Risco | B12: S | C12: 0
A13: Garantia | B13: G | C13: 0
A14: DESPESAS FINANCEIRAS | B14: DF | C14: 0 | D14: =1+C14 -> 1
A15: BDI - EDIFICAÇÕES | B15: BDI | D15: =TRUNC(((D3*D4*D14)/D5)-1,4) -> 0.2556

Sheet 0_critérios
A1: TABELA - FONTE | B1: INTERVALO | C1: LINK PLANILHA | D1: TABELA BASE
A2: COMPOSIÇÃO | D2: COMPOSIÇÃO
A3: SIURB-EDIF-UNIT-JAN/26 | B3: SIURB-EDIF-UNIT-JAN/26!A2:D | C3: "101cqjHWVsEHPBeLfsMPpPV4UXg0t1V4AevTVw3JhrGY" | D3: SIURB
A4: SIURB-EDIF-COMP-JAN/25 | B4: SIURB-EDIF-COMP-JAN/25!C2:I | C4: "101cqjHWVsEHPBeLfsMPpPV4UXg0t1V4AevTVw3JhrGY" | D4: SIURB
A5: SIURB-INFRA-UNIT-JAN/26 | B5: SIURB-INFRA-UNIT-JAN/26!A2:D | C5: "101cqjHWVsEHPBeLfsMPpPV4UXg0t1V4AevTVw3JhrGY" | D5: SIURB
A6: SIURB-INFRA-COMP-JAN/25 | B6: SIURB-INFRA-COMP-JAN/25!C3:I | C6: "101cqjHWVsEHPBeLfsMPpPV4UXg0t1V4AevTVw3JhrGY" | D6: SIURB
A7: SINAPI-SINT-ABR/26 | B7: SINAPI-SINT-ABR/26!B5:E | C7: "101cqjHWVsEHPBeLfsMPpPV4UXg0t1V4AevTVw3JhrGY" | D7: SINAPI
A8: SINAPI-ANALI-ABR/26 | B8: SINAPI-ANALI-ABR/26!D5:G | C8: "101cqjHWVsEHPBeLfsMPpPV4UXg0t1V4AevTVw3JhrGY" | D8: SINAPI
A9: SINAPI-INSU-ABR/26 | B9: SINAPI-INSU-ABR/26!A5:E | C9: "101cqjHWVsEHPBeLfsMPpPV4UXg0t1V4AevTVw3JhrGY" | D9: SINAPI
A10: CPOS/CDHU | D10: CPOS/CDHU
